 Dungeon Crawl Stone Soup version 0.32-a0-891-gc41d80381e (webtiles) character file.

Game seed: 540892928961588624

12576449 NormalPerson7 the Wishgranter (level 27, 228/228 HPs)
             Began as a Djinni Hedge Wizard on Mar 31, 2024.
             Was the Champion of the Shining One.
             Escaped with the Orb
             ... and 15 runes on Apr 3, 2024!
             The game lasted 09:00:06 (128585 turns).

NormalPerson7 the Wishgranter (DjHW)              Turns: 128585, Time: 09:00:06

Health: 228/228    AC: 20    Str: 15    XL:     27
Gold:   12696      EV: 46    Int: 30    God:    the Shining One [******] SH: 38 Dex: 33

rFire   + + +        a - staff "Geimowux" {rCorr Str+6 Conj Ice}
rCold   + . .        l - +8 tower shield {AC+3}
rNeg    + + +        O - +1 robe of the Sky {rElec Dex+5 Archmagi}
rPois   ∞            k - +2 helmet {Int+3}
rElec   +            X - +2 cloak {Will+}
rCorr   +            F - +1 pair of gloves of Bitterness {^Drain rCorr Dex+7 Slay+3}
SInv    +            (boots unavailable)
Will    ++++.        J - amulet "Jokifourhi" {*Corrode rN+ Regen+ Slay+5 SInv}
Stlth   +            I - ring of Rul Meas {rF++ rC+ Will+ Slay+4}
HPRegen 1.38/turn    Z - ring of the Keeping Scavenger {rC+ rN++ Str-3 Int+6 SInv}
MPRegen 0.00/turn

%: corrode self (3%), archmagi
@: flying, glowing, studying 2 skills
A: sickness immunity, fire resistance 2, cold vulnerability 1, float, innate
caster, HP casting, extra vitality 1, iridescent scales 1, agile 1, dopey 1,
passive freeze, strong 1
0: Orb of Zot
}: 15/15 runes: serpentine, barnacled, slimy, silver, golden, iron, obsidian,
icy, bone, abyssal, demonic, glowing, magical, fiery, dark
a: Renounce Religion, Divine Shield, Cleansing Flame, Summon Divine Warrior


You escaped.
You worshipped the Shining One.
The Shining One was exalted by your worship.
You visited 17 branches of the dungeon, and saw 87 of its levels.
You visited Pandemonium 2 times, and saw 16 of its levels.
You visited the Abyss 3 times.
You visited 1 ziggurat, and saw 19 of its levels.
You also visited: Bailey, Ice Cave and Wizlab.

You collected 17015 gold pieces.
You spent 4319 gold pieces at shops.

Inventory:

Hand Weapons
 b - a +9 eudemon blade of holy wrath
 C - the +11 Singing Sword {sonic wave}
   (You found it on level 15 of a ziggurat)
Missiles
 p - 9 throwing nets {!f}
 R - 3 curare-tipped darts (quivered)
Armour
 k - a +2 helmet of intelligence (worn)
 l - a +8 tower shield of protection (worn)
 F - the +1 pair of gloves of Bitterness (worn) {^Drain rCorr Dex+7 Slay+3}
   (You found it on level 5 of the Pits of Slime)

   Dex+7:     It affects your dexterity (+7).
   Slay+3:    It affects your accuracy & damage with ranged weapons and melee
   (+3).
   rCorr:     It protects you from acid and corrosion.
   ^Drain:    It drains your maximum health when unequipped.
 O - the +1 robe of the Sky (worn) {rElec Dex+5 Archmagi}
   (You took it off a necromancer on level 5 of the Vaults)

   Dex+5:     It affects your dexterity (+5).
   rElec:     It insulates you from electricity.
   Archmagi:  It increases the power of your magical spells.
 U - the +2 shield of Resistance {rF++ rC++ Will++}
   (You acquired it on level 3 of the Tomb of the Ancients)

   rF++:      It greatly protects you from fire.
   rC++:      It greatly protects you from cold.
   Will++:    It greatly increases your willpower.
 X - a +2 cloak of willpower (worn)
Magical Staves
 a - the staff "Geimowux" (weapon) {rCorr Str+6 Conj Ice}
   (You found it in Pandemonium)

   [staff of conjuration]

   Base accuracy: +5 Base damage: 5 Base attack delay: 1.2 This weapon's minimum
   attack delay (0.6) is reached at skill level 12.
   Str+6:     It affects your strength (+6).
   rCorr:     It protects you from acid and corrosion.
   Conj:      It increases the power of your Conjurations spells.
   Ice:       It increases the power of your Ice spells.
   It falls into the 'Staves' category.
   It is a one-handed weapon.
 H - the staff of Ad Valorem {rC+ SInv Ice}
   (You found it on level 3 of the Elven Halls)

   [staff of cold]

   Base accuracy: +5 Base damage: 5 Base attack delay: 1.2 This weapon's minimum
   attack delay (0.6) is reached at skill level 12.
   rC+:       It protects you from cold.
   SInv:      It lets you see invisible.
   Ice:       It increases the power of your Ice spells.
   It falls into the 'Staves' category.
   It is a one-handed weapon.
Jewellery
 z - the ring of Ogupluth {rPois AC+4 Str+2 Dex+4 Slay-2}
   (You found it on level 4 of the Realm of Zot)

   [ring of protection]

   AC+4:      It affects your AC (+4).
   Str+2:     It affects your strength (+2).
   Dex+4:     It affects your dexterity (+4).
   Slay-2:    It affects your accuracy & damage with ranged weapons and melee
   (-2).
   rPois:     It protects you from poison.
 I - the ring of Rul Meas (left hand) {rF++ rC+ Will+ Slay+4}
   (You took it off a deep elf death mage on level 3 of the Elven Halls)

   [ring of slaying]

   Slay+4:    It affects your accuracy & damage with ranged weapons and melee
   (+4).
   rF++:      It greatly protects you from fire.
   rC+:       It protects you from cold.
   Will+:     It increases your willpower.
 J - the amulet "Jokifourhi" (around neck) {*Corrode rN+ Regen+ Slay+5 SInv}
   (You bought it in a shop on level 7 of the Dungeon)

   [amulet of regeneration]

   Slay+5:    It affects your accuracy & damage with ranged weapons and melee
   (+5).
   rN+:       It protects you from negative energy.
   SInv:      It lets you see invisible.
   Regen+:    It increases your rate of health regeneration.
   *Corrode:  It may corrode you when you take damage.
 L - the amulet of Moral Flaws {Faith Fly rC+ rCorr Int-3}
   (You found it on level 19 of a ziggurat)

   [amulet of faith]

   Faith:     It allows you to gain divine favour quickly.
   Int-3:     It affects your intelligence (-3).
   rC+:       It protects you from cold.
   Fly:       It grants you flight.
   rCorr:     It protects you from acid and corrosion.
 S - the ring "Esufilan" {rC++ Will+ Int-3}
   (You took it off a guardian mummy on level 1 of the Tomb of the Ancients)

   [ring of willpower]

   Int-3:     It affects your intelligence (-3).
   rC++:      It greatly protects you from cold.
   Will+:     It increases your willpower.
 Y - the ring "Deiziefa" {rPois rN+ Will+ Dex+2}
   (You took it off a deep elf death mage on level 3 of the Elven Halls)

   [ring of positive energy]

   Dex+2:     It affects your dexterity (+2).
   rPois:     It protects you from poison.
   rN+:       It protects you from negative energy.
   Will+:     It increases your willpower.
 Z - the ring of the Keeping Scavenger (right hand) {rC+ rN++ Str-3 Int+6 SInv}
   (You found it on level 3 of the Crypt)

   [ring of intelligence]

   Str-3:     It affects your strength (-3).
   Int+6:     It affects your intelligence (+6).
   rC+:       It protects you from cold.
   rN++:      It greatly protects you from negative energy.
   SInv:      It lets you see invisible.
Wands
 w - a wand of warping (112)
 y - a wand of light (75)
 E - a wand of digging (75)
 Q - a wand of paralysis (100)
Scrolls
 e - 16 scrolls of fear
 g - 13 scrolls of poison
 o - 19 scrolls of fog
 r - 7 scrolls of silence
 t - 40 scrolls of teleportation
 u - 5 scrolls of butterflies {!r}
 v - 5 scrolls of vulnerability
 x - 14 scrolls of blinking
 G - 14 scrolls of immolation
 P - 4 scrolls of revelation
Potions
 c - 4 potions of cancellation
 d - 12 potions of attraction
 f - 9 potions of haste
 h - 15 potions of heal wounds
 i - 8 potions of brilliance
 m - 14 potions of might
 q - 33 potions of curing
 s - 4 potions of resistance
 A - 10 potions of enlightenment
 B - 17 potions of mutation
 M - 2 potions of ambrosia
 T - 12 potions of berserk rage
 W - 11 potions of lignification
Miscellaneous
 j - a condenser vane
 n - a figurine of a ziggurat
 D - a box of beasts
 K - a Gell's gravitambourine (2/2)
 N - a lightning rod (4/4)
 V - a phantom mirror


   Skills:
 O Level 27 Fighting
 - Level 4.0(9.7) Short Blades
 - Level 13.7(14.0) Long Blades
 + Level 21.5 Armour
 O Level 27 Dodging
 - Level 1.5 Stealth
 O Level 27 Shields
 O Level 27 Spellcasting
 O Level 27 Conjurations
 O Level 27 Hexes
 O Level 27 Summonings
 O Level 27 Necromancy
 O Level 27 Translocations
 O Level 27 Fire Magic
 O Level 27 Ice Magic
 O Level 27 Air Magic
 O Level 27 Earth Magic
 O Level 27 Alchemy
 + Level 24.6 Invocations
 O Level 27 Evocations


You knew the following spells:

 Your Spells              Type           Power      Damage    Failure   Level
a - Magic Dart            Conj           100%       1d8       0%          1
b - Lesser Beckoning      Tloc           100%       N/A       0%          2
c - Mephitic Cloud        Conj/Alch/Air  100%       N/A       0%          3
d - Call Imp              Summ           100%       N/A       0%          2
e - Permafrost Eruption   Ice/Erth       83%        2x4d18    0%          6
f - Fire Storm            Conj/Fire      83%        8d21      1%          9
g - Confusing Touch       Hex            100%       N/A       0%          3
h - Infestation           Necr           70%        N/A       1%          8
i - Irradiate             Conj/Alch      83%        3d39      0%          5
j - Disjunction           Tloc           70%        N/A       1%          8
k - Fugue of the Fallen   Necr           100%       N/A       0%          3
n - Necrotise             Necr           100%       1d9       0%          1
s - Slow                  Hex            100%       N/A       0%          1
t - Starburst             Conj/Fire      83%        6d21      0%          6
x - Bombard               Conj/Erth      83%        9d13      0%          6
B - Iskenderun's Battles  Conj           100%       2d15      0%          5
X - Blink                 Tloc           100%       N/A       0%          2
Z - Shatter               Erth           70%        3d52*     1%          9
Your spell library was empty.

Dungeon Overview and Level Annotations

Branches:
Dungeon (15/15)            Temple (0/1) D:6            Lair (5/5) D:11
 Shoals (4/4) Lair:3        Snake (4/4) Lair:3        Slime (5/5) Lair:5
    Orc (2/2) D:9             Elf (3/3) Orc:2        Vaults (5/5) D:13
  Crypt (3/3) Vaults:3       Tomb (3/3) Crypt:3      Depths (4/4) D:15
   Hell (visited)             Dis (7/7) Hell            Geh (7/7) Hell
    Coc (7/7) Hell            Tar (7/7) Hell            Zot (5/5) Depths:4
 Bailey (visited)           IceCv (visited)          WizLab (visited)

Altars:
Cheibriados
Dithmenos
Fedhas
Gozag
Hepliaklqana
Makhleb
Qazlal
Trog
Wu Jian
Xom
The Shining One
Beogh
Lugonu

Shops:
D:3 ?   D:5 ((((   D:7 ==(   Orc:2 =(=   Elf:1 [   Elf:2 ?   Elf:3 ::
Shoals:1 :   Snake:1 (   Snake:2 :   Snake:3 *?[   Depths:2 (   Depths:4 ==:

Portals:
Hell: Depths:1 Depths:2 Depths:3 Depths:4
Abyss: Depths:2 Depths:3 Depths:4
Pandemonium: Depths:1 Depths:2
Trove: D:11 (give +4 storm dragon scales)

Annotations:
Shoals:2 exclusion: downstairs
Vaults:2 1 runed translucent door, SlowGraham's ghost, legendary KoMo
Crypt:2 18 runed translucent doors
Tomb:1 exclusion: 2 downstairs
Dis:7 Dispater
Zot:4 1 transporter


Innate Abilities, Weirdness & Mutations

You are immune to sickness and miasma.
You are immune to poison.
Your flesh is very heat resistant. (rF++)
You are vulnerable to cold. (rC-)
You float through the air rather than walking.
You learn spells naturally, not from books.
Your magical power is your life essence.
You have superior vitality. (+4 MHP)
You are partially covered in iridescent scales. (AC +2)
You are agile. (Dex +4, Str/Int -1)
You are dopey. (Int -2)
A frigid envelope surrounds you and freezes all who hurt you.
Your muscles are strong. (Str +4, Int/Dex -1)


Message History

The Shining One accepts your kill.
You feel better.
(D) Dungeon (T) Temple (L) Lair (A) Shoals (P) Snake Pit (M) Slime Pits (O) Orcish Mines (E) Elven Halls (V) Vaults (C) Crypt (W) Tomb (U) Depths (H) Hell (I) Dis (G) Gehenna (X) Cocytus (Y) Tartarus (Z) Zot
Where to? (Tab/Enter - D:1 @ (x,y), ? - help)
There is a stone staircase leading down here.
You see here a bat skeleton.
There is a stone staircase leading up here.
You fly upwards.
There is a stone staircase leading down here.
An Orb Guardian comes into view.
Casting: Fire Storm (mildly dangerous; 1% risk of failure)
Confirm with . or Enter, or press ? or * to list all spells.
Aiming: Fire Storm (mildly dangerous; 1% risk of failure)
Press: ? - help, Dir - move target, f - Orb Guardian
Aim: an Orb Guardian (haloed)
You feel a strong surge of power!
A raging storm of fire appears!
The great blast of fire engulfs the Orb Guardian!!!!
The Orb Guardian is almost dead.
Casting: Fire Storm (mildly dangerous; 1% risk of failure)
Confirm with . or Enter, or press ? or * to list all spells.
Aiming: Fire Storm (mildly dangerous; 1% risk of failure)
Press: ? - help, Dir - move target, f/p - Orb Guardian
Aim: an Orb Guardian (flame, almost dead, haloed)
You feel a strong surge of power!
A raging storm of fire appears!
The great blast of fire engulfs the Orb Guardian!!!!
You kill the Orb Guardian!
(D) Dungeon (T) Temple (L) Lair (A) Shoals (P) Snake Pit (M) Slime Pits (O) Orcish Mines (E) Elven Halls (V) Vaults (C) Crypt (W) Tomb (U) Depths (H) Hell (I) Dis (G) Gehenna (X) Cocytus (Y) Tartarus (Z) Zot
Where to? (Tab/Enter - D:1 @ (x,y), ? - help)
There is an open door here.
HP restored.
There is a staircase leading out of the dungeon here.
You have escaped!

##.............#'#.....##
####......÷...##.##.....###
## ##........###.####.....##
.####.....#### #.# ####...##
..........# ##.## #....#
.....##.### ##...## ###..#
.....##.# ##..P..## #.##
...#.##.#####.......######.#
...[.##.'.....P.@.P.....').#
##.#....#####.......########
#.......#####..P..##
###........###...##
##..÷......##.##
#.........##.#
#....÷....##.#
#.........##.#
#..........#'#


There were no monsters in sight!

Vanquished Creatures
  Cerebov (Pan)
  Antaeus (Coc:7)
  the Royal Jelly (Slime:5)
  Asmodeus (Geh:7)
  Ignacio (Pan)
  Gloorx Vloq (Pan)
  Ereshkigal (Tar:7)
  Mnoleg (Pan)
  Lom Lobon (Pan)
  the Serpent of Hell (Dis:7)
  5 dread liches
  13 ancient liches
  4 orbs of fire
  Mennas (Pan)
  2 juggernauts (Dis:7)
  Boris (Vaults:5)
  30 royal mummies
  15 shard shrikes
  9 pandemonium lords
  17 Killer Klowns
  Parghit (Zot:1)
  27 caustic shrikes
  3 curse toes
  Geryon (Hell)
  10 golden dragons
  6 profane servitors
  Nikola (Shoals:4)
  A pearl dragon (Zig:5)
  Jory (Tar:1)
  8 bone dragons
  11 doom hounds
  15 Tzitzimimeh
  17 Brimstone Fiends
  19 Hell Sentinels
  16 hellephants
  7 iron giants
  Jorgrun (Elf:2)
  2 electric golems (Zot:5)
  31 Ice Fiends
  26 tentacled monstrosities
  15 titans
  15 liches
  Asterion (Elf:2)
  8 tainted leviathans
  25 Orb Guardians
  2 deep elf blademasters (Elf:3)
  Zenata (Vaults:3)
  2 deep elf master archers (Elf:3)
  9 quicksilver dragons
  Polyphemus (Shoals:2)
  18 searing wretches
  31 Executioners
  Murray (Hell)
  17 acid blobs
  A kraken (Shoals:4)
  13 sphinxes
  7 tentacled starspawn
  9 death cobs
  28 ancient champions
  21 shadow dragons
  18 storm dragons
  Aizul (Shoals:2)
  10 revenants
  Roxanne (Elf:2)
  Donald (Vaults:2)
  18 nagarajas
  7 tengu reavers
  16 draconian monks
  16 azure jellies
  2 fenstrider witches
  7 rockslimes
  7 protean progenitors
  10 demonspawn warmongers (Pan)
  12 frost giants
  3 draconian shifters
  10 narguns
  13 fire giants
  8 draconian knights
  13 iron dragons
  7 ghost moths
  Louise (Shoals:2)
  46 balrugs
  7 draconian scorchers
  14 quicksilver elementals
  8 curse skulls
  9 shard shrike simulacra
  6 deep elf sorcerers
  2 spectral caustic shrikes
  18 vault wardens
  A caustic shrike zombie (Zig:18)
  5 ghouls
  6 draconian stormcallers
  2 deep elf elementalists (Elf:3)
  3 orc warlords
  3 formless jellyfish (Slime:4)
  18 ironbound preservers
  10 quicksilver oozes
  7 demonspawn corrupters (Pan)
  5 juggernaut skeletons (Pan)
  An ophan (Zig:5)
  24 reapers
  23 cacodemons
  28 very ugly things
  A spriggan defender (Depths:3)
  11 draconian annihilators
  4 caustic shrike skeletons
  12 demonspawn blood saints
  2 stone giants (shapeshifter) (Zig:10)
  6 deep elf demonologists
  13 ironbound thunderhulks
  12 green draconians
  15 vampire knights
  19 stone giants
  35 elemental wellsprings
  An apis (Zig:5)
  9 putrid mouths
  14 bennus
  13 red draconians
  24 dire elephants
  5 black draconians
  15 lorocyprocas
  12 demonspawn black suns
  10 deep elf annihilators
  28 purple draconians
  12 deep elf death magi
  22 wendigos
  48 war gargoyles
  14 white draconians
  A bunyip (Zig:11)
  18 yellow draconians
  A shapeshifter (Zig:10)
  21 blizzard demons
  15 fire dragons
  14 jiangshi
  7 statues (WizLab)
  8 eidola
  6 crystal guardians
  15 ettins
  7 iron golems
  4 merfolk impalers
  4 merfolk javelineers
  10 great orbs of eyes
  30 mummy priests
  8 entropy weavers
  A spectral golden dragon (Tar:4)
  21 green deaths
  2 spectral spriggans (Tar:2)
  8 deep elf high priests
  16 caustic shrike simulacra
  13 yaktaur captains
  42 vault guards
  12 hydras
  2 peacekeepers
  4 ice dragons
  A quicksilver dragon skeleton (Crypt:3)
  12 salamander tyrants
  Erolcha (Orc:2)
  4 alligator snapping turtles
  4 ogre magi (Orc:2)
  A fenstrider witch skeleton (Crypt:1)
  10 spriggan air magi
  8 anacondas
  7 hell beasts
  17 rakshasas
  12 juggernaut simulacra
  3 spriggan skeletons
  7 stokers
  4 alligators (Zig:11)
  11 catoblepae
  A jorogumo (Pan)
  14 merfolk aquamancers
  2 satyrs
  14 centaur warriors
  37 dancing weapons
  12 merfolk avatars
  2 death knights
  6 ironbound frosthearts
  11 two-headed ogres
  95 death scarabs
  12 boulder beetles
  5 deep troll shamans
  The ghost of hofbold the Trooper, a novice CoMo (D:10)
  5 death yaks
  An orc high priest (Orc:2)
  7 tengu warriors
  6 deep troll earth magi
  11 demonic crawlers (Pan)
  4 spectral dire elephants
  7 spriggan berserkers
  3 spectral nagas
  13 vampire magi
  12 thrashing horrors
  38 hell hogs
  4 shock serpents
  20 deep elf knights
  13 naga sharpshooters
  16 hell knights
  50 sun demons
  16 naga warriors
  41 soul eaters
  A titan zombie (Zig:18)
  5 occultists
  43 skeletal warriors
  20 shadow wraiths
  11 crystal echidnas
  7 hellephant skeletons (Pan)
  5 wretched stars
  17 skysharks
  2 salamander mystics
  Nergalle (Orc:2)
  7 iron trolls
  A fire crab (Lair:3)
  3 swamp dragons (Zig:11)
  15 arcanists
  25 sixfirhies
  A spectral bunyip (Tar:1)
  3 anaconda zombies
  5 deep elf archers
  3 spectral anacondas
  A goliath frog (Pan)
  2 orb spiders (Zot:3)
  7 spriggan druids
  3 cherubim (Zig:5)
  5 quicksilver dragon simulacra
  The ghost of NoKap the Insei, a novice OpSh (D:8)
  A sun moth (shapeshifter) (Vaults:5)
  44 large abominations
  8 glowing orange brains
  69 deep trolls
  8 sea snakes
  22 shadow demons
  A sea snake (shapeshifter) (Zig:12)
  25 flayed ghosts
  3 bog bodies
  25 harpies
  5 obsidian statues
  26 ironbound convokers
  6 mana vipers
  5 naga ritualists
  11 sun moths (Pan)
  A shadow dragon zombie (Zig:18)
  2 tengu zombies (Zig:18)
  A steelbarb worm (shapeshifter) (Depths:3)
  An iron dragon zombie (Depths:2)
  13 necromancers
  13 orc knights
  An obsidian bat (Orc:2)
  25 deep elf zephyrmancers
  2 orange crystal statues
  38 deep elf pyromancers
  9 lindwurms
  30 starcursed masses
  15 phantasmal warriors
  A golden dragon skeleton (Zig:18)
  17 oklob plants
  3 will-o-the-wisps
  5 shining eyes
  6 orc sorcerers
  5 thermic dynamos
  44 ugly things
  2 shadow dragon skeletons
  7 fauns
  2 iron dragon skeletons
  18 manticores
  25 moths of wrath
  A spectral ettin (Tar:2)
  8 salamanders
  7 cyclopes
  10 rust devils
  3 meliai (D:13)
  7 merfolk sirens
  18 vault sentinels
  19 elephants
  4 kobold blastminers
  5 guardian serpents
  3 centaur zombies (D:15)
  2 apocalypse crabs
  A guardian serpent (shapeshifter) (Vaults:5)
  3 eyes of devastation
  An orc zombie (Tomb:3)
  45 black mambas
  6 ice statues
  11 water nymphs
  15 orange demons
  16 torpor snails
  2 cane toads (shapeshifter)
  49 smoke demons
  10 unseen horrors
  8 titan simulacra
  24 naga magi
  A storm dragon simulacrum (Coc:2)
  35 hellions
  An alligator snapping turtle zombie (Crypt:3)
  13 molten gargoyles
  11 gargoyles
  39 cane toads
  16 rime drakes
  A purple draconian zombie (Crypt:2)
  4 centaur skeletons
  31 yaktaurs
  4 anaconda simulacra
  A kobold demonologist (Abyss:3)
  14 komodo dragons
  A spark wasp simulacrum (Depths:2)
  30 tormentors
  2 golden dragon simulacra
  21 tengu conjurers
  10 efreet
  12 freezing wraiths
  5 wandering mushrooms
  2 spectral harpies
  2 iron giant simulacra (Coc:7)
  A minotaur skeleton (Crypt:3)
  A harpy zombie (Crypt:3)
  4 red devils (Pan)
  4 ancient zymes
  7 ice devils
  9 trolls
  53 guardian mummies
  23 polar bears
  2 shadow dragon simulacra
  2 alligator simulacra (Coc:1)
  2 silent spectres
  19 wind drakes
  27 merfolk
  3 hydra zombies
  A death yak skeleton (Crypt:2)
  2 tarantellas (Zot:3)
  A sun moth zombie (Crypt:2)
  11 hornets
  38 hellwings
  8 raiju (Abyss:3)
  A glass eye (shapeshifter) (Vaults:5)
  A harpy skeleton (Crypt:2)
  A tyrant leech (Zig:11)
  A guardian serpent zombie (Crypt:2)
  2 jumping spiders (Zot:3)
  8 dream sheep
  12 snapping turtles
  A frost giant simulacrum (Depths:2)
  29 blink frogs
  2 iron dragon simulacra
  3 glass eyes
  A stone giant simulacrum (Zig:6)
  121 slime creatures
  5 air elementals
  36 water elementals
  22 wraiths
  3 shadows (Crypt:3)
  A centaur simulacrum (Tomb:3)
  4 vampires (Crypt:3)
  7 spriggans
  2 small abominations (Abyss:3)
  21 ushabtiu
  An ettin skeleton (Depths:1)
  3 fire elementals
  8 wyverns
  31 ynoxinuls
  A black mamba skeleton (Crypt:3)
  8 dire elephant simulacra
  2 naga simulacra
  A culicivora (shapeshifter) (Depths:2)
  An unseen horror simulacrum (D:9)
  A golden eye (shapeshifter) (Elf:2)
  64 yaks
  9 basilisks
  7 golden eyes
  A steam dragon (D:7)
  18 humans (D:13)
  A wind drake skeleton (Crypt:1)
  2 alligator snapping turtle simulacra
  17 chaos spawn
  32 neqoxecs
  A death yak simulacrum (Lair:5)
  9 vampire mosquitoes
  22 harpy simulacra
  3 spectral cane toads (Lair:5)
  5 wargs
  2 swamp worms (shapeshifter)
  49 nagas
  30 water moccasins
  An acid dragon (D:12)
  14 hell hounds
  4 hydra simulacra
  A faun skeleton (Crypt:1)
  An ice beast (D:5)
  31 orc warriors
  An elephant zombie (Crypt:2)
  5 black bears
  3 sky beasts
  5 spriggan simulacra
  21 laughing skulls
  8 ettin simulacra
  13 ogres
  2 boggarts (Vaults:1)
  A swamp dragon skeleton (Hell)
  The ghost of dittoslash the Firebug, an amateur GnWn (D:4)
  14 wolves
  20 centaurs
  A tengu (Pan)
  A phantom (D:6)
  5 kobold brigands
  19 bullfrogs
  3 scorpions
  10 earth elementals
  A gnoll sergeant (D:7)
  A cyclops skeleton (Crypt:1)
  14 wights
  A wyvern skeleton (D:4)
  2 spriggan zombies
  9 killer bees
  A polar bear skeleton (Crypt:1)
  A wolf zombie (Crypt:2)
  3 electric eels
  7 howler monkeys
  A hound (D:5)
  3 quasits (Abyss:3)
  4 jellies
  A bombardier beetle (D:6)
  10 orc priests
  A bullfrog skeleton (D:4)
  2 gnoll boudas (D:6)
  36 orc wizards
  2 iguanas (D:6)
  5 hell rats (Hell)
  A killer bee zombie (D:4)
  3 naga zombies
  A crocodile skeleton (Crypt:2)
  57 mummies
  11 adders
  7 gnolls
  A shadow imp (Abyss:3)
  3 white imps
  7 ufetubi
  An iguana zombie (Crypt:1)
  2 dart slugs
  A ribbon worm (D:3)
  57 orcs
  4 endoplasms
  17 goblins
  3 hobgoblins
  11 kobolds
  A quokka (D:3)
  10 ball pythons
  4 bats
  An endoplasm zombie (Crypt:1)
  A frilled lizard (D:2)
  An orc skeleton (Crypt:1)
  2 rats
  14 aspiring fleshes
  13 ballistomycete spores (Zig:13)
  5 creeping infernos
  3 fire vortices
  3 lurking horrors
  A spectral weapon (Elf:2)
  3 starspawn tentacles (Abyss:3)
  A tentacle (Shoals:4)
4835 creatures vanquished.

Vanquished Creatures (collateral kills)
  Mara (Snake:4)
  A juggernaut (Dis:7)
  A pandemonium lord (Pan)
  2 caustic shrikes
  A golden dragon (Zot:4)
  3 tentacled monstrosities
  A tainted leviathan (Tar:7)
  An Orb Guardian (Zot:5)
  3 acid blobs (Slime:5)
  2 sphinxes
  A draconian knight (Zot:3)
  A draconian annihilator (Zot:3)
  An ironbound thunderhulk (Vaults:2)
  A lorocyproca (Pan)
  A purple draconian (Zot:2)
  An ice dragon (Shoals:2)
  A hell beast (Pan)
  A boulder beetle (D:13)
  A dancing weapon (Elf:1)
  A naga warrior (Snake:4)
  A naga sharpshooter (Snake:4)
  A skeletal warrior (D:14)
  A deep elf knight (Elf:1)
  A golden dragon zombie (Zig:18)
  A tengu zombie (Zig:18)
  An orange crystal statue (IceCv)
  A starcursed mass (Abyss:3)
  A deep elf pyromancer (Elf:1)
  3 harpies (Shoals:2)
  A slime creature (Slime:3)
  A naga mage (Snake:4)
  2 cane toads (Zig:17)
  A cane toad (shapeshifter) (D:9)
  Joseph (D:8)
  Psyche (D:8)
  A hellwing (Pan)
  2 yaks
  A naga (Snake:4)
  2 water moccasins
  An ice beast (D:6)
  A phantom (D:6)
  2 centaurs
  A scorpion (D:6)
  A wight (D:7)
  2 jellies (D:6)
  A bombardier beetle (D:5)
  An orc priest (D:7)
  2 iguanas
  An orc wizard (D:8)
  2 gnolls (D:6)
  A shadow imp (D:6)
  A white imp (D:6)
  An ufetubus (D:5)
  4 orcs
  5 endoplasms
  2 goblins
  A kobold (D:3)
  7 ballistomycete spores
87 creatures vanquished.

Vanquished Creatures (others)
  A quicksilver dragon simulacrum (Coc:7)
  A black mamba (Snake:4)
  A wind drake (Pan)
  A basilisk (Lair:2)
  A chaos spawn (Pan)
  A centaur (D:6)
  3 ball lightnings (Pan)
  A creeping inferno (Geh:6)
  554 fire vortices
  2 foxfires (Zig:11)
  6 starspawn tentacles (Abyss:3)
  5 tentacles (Shoals:4)
577 creatures vanquished.

Grand Total: 5499 creatures vanquished

Notes
Turn   | Place    | Note
-------+----------+-------------------------------------------
     0 | D:1      | NormalPerson7 the Djinni Hedge Wizard began the quest for
                  | the Orb.
     0 | D:1      | NormalPerson7 set off with the following spells memorised:
                  | Magic Dart, Slow, Blink, Call Imp, Mephitic Cloud.
     0 | D:1      | Reached XP level 1. HP: 15/15 MP: 0/0
   136 | D:1      | Reached skill level 1 in Fighting
   334 | D:1      | Reached XP level 2. HP: 19/22 MP: 0/0
   778 | D:1      | Reached XP level 3. HP: 24/27 MP: 0/0
   778 | D:1      | Learned a level 1 spell: Necrotise
  1392 | D:2      | Found a faded altar of an unknown god.
  1405 | D:2      | Reached XP level 4. HP: 29/32 MP: 0/0
  2566 | D:3      | Found The Oracle's Delphic Readings.
  2571 | D:3      | Bought a scroll of teleportation for 30 gold pieces
  3014 | D:3      | Found a blossoming altar of Fedhas.
  3016 | D:3      | Found a snail-covered altar of Cheibriados.
  3018 | D:3      | Found a glowing golden altar of the Shining One.
  3037 | D:3      | Became a worshipper of Fedhas Madash
  3193 | D:3      | Reached XP level 5. HP: 23/38 MP: 0/0
  3193 | D:3      | Learned a level 2 spell: Lesser Beckoning
  3501 | D:4      | Found a transporter.
  3504 | D:4      | Noticed dittoslash's ghost (amateur GnWn)
  3790 | D:4      | Found a transporter.
  3856 | D:4      | Found an opulent altar of Gozag.
  4007 | D:5      | Entered Level 5 of the Dungeon
  4038 | D:5      | Found Zecvof's Weapon Boutique.
  4042 | D:5      | Noticed an ice beast
  4079 | D:5      | Reached XP level 6. HP: 43/43 MP: 0/0
  4200 | D:5      | Found Ruicebaqe's Antique Weapon Emporium.
  4246 | D:5      | Reached skill level 5 in Spellcasting
  4246 | D:5      | Reached skill level 5 in Conjurations
  4246 | D:5      | Reached skill level 5 in Hexes
  4246 | D:5      | Reached skill level 5 in Summonings
  4246 | D:5      | Reached skill level 5 in Necromancy
  4246 | D:5      | Reached skill level 5 in Translocations
  4246 | D:5      | Reached skill level 5 in Fire Magic
  4246 | D:5      | Reached skill level 5 in Ice Magic
  4246 | D:5      | Reached skill level 5 in Air Magic
  4246 | D:5      | Reached skill level 5 in Earth Magic
  4246 | D:5      | Reached skill level 5 in Alchemy
  4456 | D:5      | Noticed a water moccasin
  4486 | D:5      | Killed a water moccasin
  4487 | D:5      | Reached XP level 7. HP: 36/52 MP: 0/0
  4487 | D:5      | Learned a level 3 spell: Fugue of the Fallen
  4761 | D:5      | Reached skill level 5 in Fighting
  5189 | D:5      | Found Duigu's Antique Weapon Boutique.
  5296 | D:5      | Found Jofiod's Antique Weapon Emporium.
  5416 | D:6      | Reached XP level 8. HP: 47/59 MP: 0/0
  5464 | D:6      | Found a staircase to the Ecumenical Temple.
  5536 | D:6      | Reached * piety under Fedhas
  5537 | D:6      | Reached skill level 5 in Dodging
  5537 | D:6      | Reached skill level 1 in Evocations
  5731 | D:6      | Found an ornate altar of the Wu Jian Council.
  6681 | D:6      | Found an ornate altar of the Wu Jian Council.
  6758 | D:6      | Found a staircase to the Ecumenical Temple.
  6785 | D:6      | Reached XP level 9. HP: 60/65 MP: 0/0
  6785 | D:6      | Learned a level 3 spell: Confusing Touch
  7140 | D:5      | Bought a masterwork dagger for 196 gold pieces
  7140 | D:5      | Identified the +8 dagger of Disgust {holy, rC+} (You bought
                  | it in a shop on level 5 of the Dungeon)
  7318 | D:7      | Found Ahop Hae's Jewellery Shoppe.
  7329 | D:6      | Reached skill level 1 in Short Blades
  7849 | D:7      | Reached ** piety under Fedhas
  7916 | D:7      | Found a shadowy altar of Dithmenos.
  7943 | D:7      | Reached skill level 1 in Invocations
  8243 | D:7      | Found Vahuczyss's Jewellery Emporium.
  8348 | D:7      | Found Onyfol's Antique Weapon Boutique.
  8708 | D:8      | Noticed Joseph
  8821 | D:8      | Noticed Psyche
  8838 | D:7      | Reached XP level 10. HP: 59/75 MP: 0/0
  9394 | D:8      | Killed Psyche
  9889 | D:8      | Killed Joseph
 10494 | D:8      | Noticed a moth of wrath
 10496 | D:8      | Found a bloodstained altar of Trog.
 10497 | D:8      | Noticed NoKap's ghost (novice OpSh)
 10512 | D:8      | Found a transporter.
 10514 | D:8      | Found a transporter.
 10793 | D:8      | Reached XP level 11. HP: 69/81 MP: 0/0
 10793 | D:8      | Learned a level 5 spell: Iskenderun's Battlesphere
 10901 | D:9      | Found a flagged portal.
 10909 | D:9      | Reached *** piety under Fedhas
 10924 | Bailey   | Entered a bailey
 11200 | Bailey   | Noticed an orc knight
 11388 | Bailey   | Noticed an orc knight
 11510 | Bailey   | Killed an orc knight
 11610 | Bailey   | Killed an orc knight
 11611 | Bailey   | Reached skill level 5 in Invocations
 11905 | D:9      | Found a staircase to the Orcish Mines.
 11947 | D:9      | Noticed a two-headed ogre
 11957 | D:9      | Killed a two-headed ogre
 11958 | D:9      | Reached skill level 5 in Evocations
 12108 | D:9      | Noticed a boulder beetle
 12218 | D:9      | Killed a boulder beetle
 12348 | D:9      | Noticed a cyclops
 12350 | D:9      | Noticed a centaur warrior
 12360 | D:9      | Killed a centaur warrior
 12363 | D:9      | Killed a cyclops
 12460 | D:9      | Noticed a manticore
 12792 | D:9      | Identified the +3 war axe of the Vestibule of Hell {vamp,
                  | rCorr Str+4 Int+4 Dex-4}
 12967 | D:9      | Identified the staff "Peurghi" {rPois rF+ rN+ Necro}
 12967 | D:9      | Identified the amulet of Cynicism {Acrobat Int+3 Stlth+}
 13036 | D:9      | Killed a manticore
 13037 | D:9      | Reached XP level 12. HP: 79/88 MP: 0/0
 13576 | D:10     | Entered Level 10 of the Dungeon
 14215 | D:10     | Found a shimmering altar of Xom.
 14477 | D:10     | Found a runed translucent gate.
 14478 | D:10     | Found a runed translucent gate.
 14479 | D:10     | Found a runed translucent gate.
 14480 | D:10     | Noticed hofbold's ghost (novice CoMo)
 14625 | D:10     | Found a burning altar of Makhleb.
 14625 | D:10     | Noticed a two-headed ogre
 14662 | D:10     | Killed a two-headed ogre
 14715 | D:10     | Found a hazy altar of Hepliaklqana.
 14786 | D:11     | Noticed a two-headed ogre
 14844 | D:11     | Noticed a two-headed ogre
 14852 | D:11     | Noticed a two-headed ogre
 14911 | D:11     | Found a gate leading to a gauntlet.
 14951 | D:11     | Killed a two-headed ogre
 14963 | D:11     | Reached **** piety under Fedhas
 14983 | D:11     | Killed a two-headed ogre
 14984 | D:11     | Reached skill level 10 in Spellcasting
 14984 | D:11     | Reached skill level 10 in Conjurations
 14984 | D:11     | Reached skill level 10 in Hexes
 14984 | D:11     | Reached skill level 10 in Summonings
 14984 | D:11     | Reached skill level 10 in Necromancy
 14984 | D:11     | Reached skill level 10 in Translocations
 14984 | D:11     | Reached skill level 10 in Fire Magic
 14984 | D:11     | Reached skill level 10 in Ice Magic
 14984 | D:11     | Reached skill level 10 in Air Magic
 14984 | D:11     | Reached skill level 10 in Earth Magic
 14984 | D:11     | Reached skill level 10 in Alchemy
 14989 | D:11     | Reached skill level 1 in Armour
 15258 | D:11     | Noticed a two-headed ogre
 15276 | D:11     | Killed a two-headed ogre
 15613 | D:11     | Reached skill level 10 in Fighting
 15717 | D:11     | Found a staircase to the Lair.
 16126 | D:11     | Reached skill level 1 in Shields
 16189 | D:11     | Noticed a two-headed ogre
 16200 | D:11     | Killed a two-headed ogre
 16250 | Lair:1   | Entered Level 1 of the Lair of Beasts
 16299 | Lair:1   | Reached XP level 13. HP: 87/96 MP: 0/0
 16299 | Lair:1   | Learned a level 5 spell: Irradiate
 16905 | Lair:1   | Reached skill level 10 in Dodging
 17760 | Lair:2   | Found a blossoming altar of Fedhas.
 18019 | Lair:2   | Reached ***** piety under Fedhas
 18088 | Lair:2   | You are sucked into a shaft and drop 1 floor!
 18997 | Lair:3   | Found a staircase to the Snake Pit.
 19332 | Lair:3   | Reached XP level 14. HP: 85/107 MP: 0/0
 19454 | Lair:3   | Reached skill level 10 in Invocations
 20554 | Lair:3   | Found a staircase to the Shoals.
 20948 | Lair:4   | Reached skill level 5 in Shields
 22601 | Lair:5   | Entered Level 5 of the Lair of Beasts
 22782 | Lair:5   | Reached ****** piety under Fedhas
 23493 | Lair:5   | Found a staircase to the Slime Pits.
 23584 | Lair:5   | Reached XP level 15. HP: 96/112 MP: 0/0
 23584 | Lair:5   | Learned a level 6 spell: Bombard
 24445 | D:11     | Found a portal to a secret trove of treasure.
 24915 | D:11     | Found a staircase to the Lair.
 24932 | D:11     | Found a portal to a secret trove of treasure.
 26103 | D:12     | Identified the amulet of Itofu {+Blink rElec RegenMP+}
 28184 | D:13     | Reached skill level 5 in Armour
 28393 | D:13     | Found a gate to the Vaults.
 28574 | Orc:1    | Entered Level 1 of the Orcish Mines
 29227 | Orc:2    | Entered Level 2 of the Orcish Mines
 29619 | Orc:2    | Found a staircase to the Elven Halls.
 29651 | Orc:2    | Reached XP level 16. HP: 88/118 MP: 0/0
 31028 | Orc:2    | Noticed Erolcha
 31048 | Orc:2    | Killed Erolcha
 31083 | Orc:2    | Paralysed by an ogre mage for 3 turns
 31122 | Orc:2    | Found Offywoubb's Jewellery Emporium.
 31145 | Orc:2    | Noticed Nergalle
 31157 | Orc:2    | Killed Nergalle
 31460 | Orc:2    | Found a roughly hewn altar of Beogh.
 31460 | Orc:2    | Found Seehuyxt's Antique Weapon Emporium.
 31460 | Orc:2    | Found Keokhorph's Jewellery Shoppe.
 31468 | Orc:2    | Found Roinko's Magic Scroll Shoppe.
 31483 | Orc:2    | Bought a scroll of blinking for 97 gold pieces
 31653 | D:5      | Bought a slimy rapier for 252 gold pieces
 31653 | D:5      | Identified the +6 rapier of Nightmares {freeze, rC+} (You
                  | bought it in a shop on level 5 of the Dungeon)
 31738 | D:7      | Bought a warped mace for 176 gold pieces
 31738 | D:7      | Identified the +9 mace of Hyro Fiu {flame, +Blink rN++}
                  | (You bought it in a shop on level 7 of the Dungeon)
 31890 | Orc:2    | Bought a scroll of identify for 26 gold pieces
 31890 | Orc:2    | Bought a scroll of identify for 26 gold pieces
 31911 | Orc:2    | Bought the ring "Qiollueb" {EV+5 Int+3} for 690 gold pieces
 32276 | D:14     | Found a shimmering altar of Xom.
 33644 | D:14     | Identified the +4 spear of Undoing {flame, rPois Dex+3
                  | SInv}
 33987 | D:15     | Entered Level 15 of the Dungeon
 35773 | D:15     | Found a staircase to the Depths.
 35990 | D:4      | Killed dittoslash's ghost
 36158 | D:8      | Killed NoKap's ghost
 36181 | D:8      | Reached XP level 17. HP: 120/130 MP: 0/0
 36181 | D:8      | Learned a level 6 spell: Permafrost Eruption
 36262 | D:8      | Upgraded the game from 0.32-a0-875-g23b751d0ae to
                  | 0.32-a0-886-g41c5271027
 36453 | Snake:1  | Entered Level 1 of the Snake Pit
 37108 | Snake:1  | Reached skill level 15 in Fighting
 37592 | Snake:1  | Found Duazemul's Weapon Shop.
 37599 | Snake:1  | Bought a throwing net for 39 gold pieces
 38497 | Snake:2  | Identified a scroll of acquirement
 39414 | Snake:2  | Found Lackok's Book Shop.
 39446 | Snake:2  | Identified the +3 quarterstaff "Ninnesuu" {flame, SInv}
 40619 | Snake:3  | Found Peocs's General Store.
 40767 | Snake:3  | Found Ywac's Armour Shop.
 40767 | Snake:3  | Found Bomnirch's Magic Scroll Boutique.
 40772 | Snake:3  | Found Suuxeupt's Distillery.
 40811 | Snake:3  | Identified the +0 ring mail "Efuvudang" {^Contam Str+3
                  | Int+3 Dex+4}
 41154 | Snake:4  | Entered Level 4 of the Snake Pit
 41439 | Snake:4  | Reached XP level 18. HP: 106/139 MP: 0/0
 42233 | Snake:4  | Noticed Mara
 42243 | Snake:4  | Noticed NormalPerson7's illusion
 42243 | Snake:4  | Killed Mara
 42244 | Snake:4  | Reached skill level 15 in Dodging
 44142 | Snake:4  | Got a serpentine rune of Zot
 44376 | Snake:4  | Reached skill level 10 in Shields
 44877 | Shoals:1 | Entered Level 1 of the Shoals
 44882 | Shoals:1 | Reached XP level 19. HP: 122/146 MP: 0/0
 44882 | Shoals:1 | Learned a level 6 spell: Starburst
 44956 | Shoals:1 | Found Tuezifobb's Book Boutique.
 45902 | Shoals:2 | Noticed Polyphemus
 46189 | Shoals:2 | Identified the serpent talisman of the Flute {rF+ Str+3
                  | Stlth+}
 46189 | Shoals:2 | Noticed Aizul
 46297 | Shoals:2 | Killed Aizul
 46452 | Shoals:2 | Found a glacial archway.
 46528 | IceCv    | Entered an ice cave
 46907 | IceCv    | Identified the +3 pair of boots "Haacs" {Int+3}
 48198 | IceCv    | Noticed a shard shrike
 48290 | IceCv    | Identified the staff of Inflation {rElec Dex+5 Air}
 48295 | IceCv    | Killed a shard shrike
 48874 | Shoals:2 | Killed Polyphemus
 49197 | Shoals:2 | Found a burning altar of Makhleb.
 49660 | Shoals:3 | Noticed Louise
 50080 | Shoals:2 | Killed Louise
 50148 | Shoals:3 | Reached XP level 20. HP: 92/155 MP: 0/0
 50662 | Shoals:3 | Reached skill level 15 in Spellcasting
 50662 | Shoals:3 | Reached skill level 15 in Conjurations
 50662 | Shoals:3 | Reached skill level 15 in Hexes
 50662 | Shoals:3 | Reached skill level 15 in Summonings
 50662 | Shoals:3 | Reached skill level 15 in Necromancy
 50662 | Shoals:3 | Reached skill level 15 in Translocations
 50662 | Shoals:3 | Reached skill level 15 in Fire Magic
 50662 | Shoals:3 | Reached skill level 15 in Ice Magic
 50662 | Shoals:3 | Reached skill level 15 in Air Magic
 50662 | Shoals:3 | Reached skill level 15 in Earth Magic
 50662 | Shoals:3 | Reached skill level 15 in Alchemy
 51850 | Shoals:4 | Entered Level 4 of the Shoals
 51884 | Shoals:4 | Noticed Nikola
 51891 | Shoals:4 | Killed Nikola
 53106 | Shoals:4 | Got a barnacled rune of Zot
 55092 | D:3      | Bought a scroll of enchant armour for 75 gold pieces
 55388 | Snake:3  | Bought a scroll of enchant armour for 142 gold pieces
 55391 | Snake:3  | Bought a potion of curing for 33 gold pieces
 55391 | Snake:3  | Bought a potion of heal wounds for 55 gold pieces
 55391 | Snake:3  | Bought a potion of ambrosia for 88 gold pieces
 55648 | Elf:1    | Entered Level 1 of the Elven Halls
 55810 | Elf:1    | Found a magical portal.
 55853 | WizLab   | Entered Iskenderun's Mystic Tower
 56170 | WizLab   | Reached XP level 21. HP: 138/160 MP: 0/0
 56170 | WizLab   | Learned a level 8 spell: Infestation
 58472 | Elf:1    | Found Renedgh's Armour Boutique.
 59107 | Elf:2    | Identified the +0 leather armour of Infinity {Dex+4}
 59268 | Elf:2    | Found Itaivvaf's Magic Scroll Shop.
 59274 | Elf:2    | Bought a scroll of blinking for 135 gold pieces
 59274 | Elf:2    | Bought a scroll of enchant armour for 135 gold pieces
 59436 | Elf:2    | Noticed Roxanne
 59651 | Elf:2    | Identified the +4 short sword "Waegit" {heavy, ^Contam
                  | Will- Str+8}
 59725 | Elf:2    | Found a runed translucent gate.
 59725 | Elf:2    | Found a runed translucent gate.
 59727 | Elf:2    | Found a runed translucent gate.
 59876 | Elf:3    | Entered Level 3 of the Elven Halls
 60055 | Elf:3    | Found Zachedypp's One-of-a-Kind Books.
 60438 | Elf:3    | Found Juacirry's Book Emporium.
 60964 | Elf:3    | Reached XP level 22. HP: 128/166 MP: 0/0
 61173 | Elf:3    | Identified the ring "Deiziefa" {rPois rN+ Will+ Dex+2}
 61311 | Elf:3    | Identified the +9 glaive of Tatoffo {speed, rPois rF+++
                  | Will-}
 61311 | Elf:3    | Found the ring of the Octopus King {rF+ HP+2 AC+2 EV+2
                  | SH+2}
 61334 | Elf:3    | Identified the +7 dagger of the Old World {venom, *Corrode
                  | rElec rF+++ MP+9}
 61337 | Elf:3    | Identified the +3 plate armour of the Assorted Lies {rPois
                  | Slay+3}
 61618 | Elf:3    | Identified the ring of Rul Meas {rF++ rC+ Will+ Slay+4}
 61704 | Elf:3    | Identified the staff "Arbiter" {rF+ Str+6 Int+4 Stlth-
                  | Fire}
 61711 | Elf:3    | Identified the +9 sling "Dimm" {flame, rC++ Str+3 Dex+4}
 61716 | Elf:3    | Identified the staff of Ad Valorem {rC+ SInv Ice}
 61755 | Elf:3    | Identified the staff of Patience {Str+4 Earth}
 62199 | Vaults:1 | Entered Level 1 of the Vaults
 64853 | Vaults:2 | Found a runed translucent door.
 64853 | Vaults:2 | Noticed SlowGraham's ghost (legendary KoMo)
 64896 | Vaults:2 | Reached XP level 23. HP: 164/175 MP: 0/0
 64896 | Vaults:2 | Learned a level 8 spell: Disjunction
 65607 | Vaults:2 | Noticed Donald
 65611 | Vaults:2 | Killed Donald
 68057 | Vaults:3 | Found a staircase to the Crypt.
 68689 | Vaults:4 | Reached XP level 24. HP: 172/184 MP: 0/0
 70259 | Depths:1 | Entered Level 1 of the Depths
 70295 | Depths:1 | Found a gateway to Hell.
 70534 | Depths:1 | Found a one-way gate leading to the halls of Pandemonium.
 70814 | Depths:1 | Found a one-way gateway to a ziggurat.
 71485 | Depths:1 | Found an opulent altar of Gozag.
 71758 | Depths:2 | Found a corrupted altar of Lugonu.
 71758 | Depths:2 | Found a one-way gate to the infinite horrors of the Abyss.
 71758 | Depths:2 | Found Ifaifis's Weapon Boutique.
 71908 | Depths:2 | Found a hazy altar of Hepliaklqana.
 71921 | Depths:2 | Identified the +1 shortbow "Spiderslayer" {drain, ^Contam
                  | Dex+7}
 73210 | Depths:2 | Reached XP level 25. HP: 179/190 MP: 0/0
 73210 | Depths:2 | Learned a level 9 spell: Shatter
 75216 | Depths:4 | Entered Level 4 of the Depths
 76207 | Depths:4 | Found Meffy's Book Shop.
 76208 | Depths:4 | Found Besuaf's Jewellery Shoppe.
 76208 | Depths:4 | Found Fofel's Jewellery Shoppe.
 77550 | Depths:4 | Reached XP level 26. HP: 150/197 MP: 0/0
 77700 | Depths:4 | Found a gate to the Realm of Zot.
 78614 | D:7      | Bought the amulet "Jokifourhi" {*Corrode rN+ Regen+ Slay+5
                  | SInv} for 790 gold pieces
 79155 | Snake:3  | Bought a scroll of silence for 171 gold pieces
 79155 | Snake:3  | Bought a scroll of fog for 72 gold pieces
 79772 | Crypt:1  | Entered Level 1 of the Crypt
 79896 | Crypt:1  | Noticed Zenata
 80092 | Vaults:3 | Killed Zenata
 82011 | Crypt:2  | Found a huge runed translucent gate.
 82011 | Crypt:2  | Found a huge runed translucent gate.
 82011 | Crypt:2  | Found a huge runed translucent gate.
 82011 | Crypt:2  | Found a huge runed translucent gate.
 82011 | Crypt:2  | Found a huge runed translucent gate.
 82011 | Crypt:2  | Found a huge runed translucent gate.
 82011 | Crypt:2  | Found a huge runed translucent gate.
 82011 | Crypt:2  | Found a huge runed translucent gate.
 82012 | Crypt:2  | Found a huge runed translucent gate.
 82013 | Crypt:2  | Found a huge runed translucent gate.
 82014 | Crypt:2  | Found a huge runed translucent gate.
 82015 | Crypt:2  | Found a huge runed translucent gate.
 82015 | Crypt:2  | Noticed an ancient lich
 82016 | Crypt:2  | Found a huge runed translucent gate.
 82018 | Crypt:2  | Noticed an ancient lich
 82020 | Crypt:2  | Found a huge runed translucent gate.
 82021 | Crypt:2  | Found a huge runed translucent gate.
 82021 | Crypt:2  | Found a huge runed translucent gate.
 82021 | Crypt:2  | Found a huge runed translucent gate.
 82021 | Crypt:2  | Found a huge runed translucent gate.
 82021 | Crypt:2  | Found a huge runed translucent gate.
 82021 | Crypt:2  | Found a huge runed translucent gate.
 82105 | Crypt:2  | Found a huge runed translucent gate.
 82106 | Crypt:2  | Found a huge runed translucent gate.
 82106 | Crypt:2  | Found a huge runed translucent gate.
 82106 | Crypt:2  | Found a huge runed translucent gate.
 82107 | Crypt:2  | Found a huge runed translucent gate.
 82107 | Crypt:2  | Found a huge runed translucent gate.
 82107 | Crypt:2  | Found a huge runed translucent gate.
 82107 | Crypt:2  | Found a huge runed translucent gate.
 82108 | Crypt:2  | Found a huge runed translucent gate.
 82109 | Crypt:2  | Found a huge runed translucent gate.
 82110 | Crypt:2  | Found a huge runed translucent gate.
 82111 | Crypt:2  | Found a huge runed translucent gate.
 82112 | Crypt:2  | Found a huge runed translucent gate.
 82112 | Crypt:2  | Found a huge runed translucent gate.
 82112 | Crypt:2  | Found a huge runed translucent gate.
 82112 | Crypt:2  | Found a huge runed translucent gate.
 82515 | Crypt:2  | Killed an ancient lich
 82516 | Crypt:2  | Killed an ancient lich
 82558 | Crypt:3  | Entered Level 3 of the Crypt
 83001 | Crypt:3  | Reached XP level 27. HP: 180/202 MP: 0/0
 83001 | Crypt:3  | Learned a level 9 spell: Fire Storm
 83056 | Crypt:3  | Identified the +0 leather armour of Defence {Regen+ Slay+2
                  | Stlth-}
 83267 | Crypt:3  | Noticed an ancient lich
 83269 | Crypt:3  | Killed an ancient lich
 83389 | Crypt:3  | Noticed a dread lich
 83530 | Crypt:3  | Killed a dread lich
 83670 | Crypt:3  | Identified the ring of the Keeping Scavenger {rC+ rN++
                  | Str-3 Int+6 SInv}
 83670 | Crypt:3  | Identified the ring of Qiche {rElec rC+ rN++ Int-2 Dex+3
                  | SInv}
 83670 | Crypt:3  | Identified the ring of Ushrut {Ice rN++}
 83672 | Crypt:3  | Identified the +9 scimitar of Terra Nullius {freeze, rPois
                  | rF+}
 83965 | Crypt:3  | Reached skill level 15 in Shields
 84142 | Crypt:3  | Found a staircase to the Tomb.
 84570 | Vaults:5 | Entered Level 5 of the Vaults
 84593 | Vaults:5 | Noticed an ancient lich
 84595 | Vaults:5 | Killed an ancient lich
 84600 | Vaults:5 | Noticed an ancient lich
 84600 | Vaults:5 | Noticed an ancient lich
 84602 | Vaults:5 | Killed an ancient lich
 84603 | Vaults:5 | Killed an ancient lich
 84764 | Vaults:5 | Noticed an ancient lich
 84767 | Vaults:5 | Killed an ancient lich
 84767 | Vaults:5 | Identified the +1 robe of the Sky {rElec Dex+5 Archmagi}
 84820 | Vaults:5 | Identified the ring of Xom's Attic {rN+ Int+2 Dex+5}
 85013 | Vaults:5 | Identified the ring "Budeaxiff" {rN+ Str+5 Dex+2}
 85016 | Vaults:5 | Identified the +3 robe "Faph" {Str+5}
 85016 | Vaults:5 | Noticed Boris
 85020 | Vaults:5 | Killed Boris
 85021 | Vaults:5 | Identified the +4 short sword "Gouset" {heavy, MP+9 Stlth+}
 85249 | Vaults:5 | Got a silver rune of Zot
 85424 | Vaults:5 | Found the +8 longbow "Zephyr" {speed, Dex+3 SInv}
 85502 | Vaults:5 | Identified the +5 dire flail of the Bursting Gods {flame,
                  | rElec rC+}
 85850 | Vaults:5 | Identified the staff "Ufalij" {rPois rF- rC+ rCorr Ice}
 85975 | Vaults:5 | Identified the +6 dagger of the Hated {venom, *Slow Str+7
                  | Int+2}
 86396 | Slime:1  | Entered Level 1 of the Pits of Slime
 86452 | Slime:1  | Upgraded the game from 0.32-a0-886-g41c5271027 to
                  | 0.32-a0-891-gc41d80381e
 87132 | Slime:5  | Entered Level 5 of the Pits of Slime
 87185 | Slime:5  | Noticed the Royal Jelly
 87190 | Slime:5  | Killed the Royal Jelly
 87320 | Slime:5  | Identified the +2 morningstar of Dyxaxkiz {freeze, rElec
                  | rC+ Str+6 Int-4}
 87365 | Slime:5  | Found the dreamshard necklace {Acrobat *Dream}
 87399 | Slime:5  | Got a slimy rune of Zot
 87465 | Slime:5  | Identified the +0 broad axe of Innocence {pain, rElec rPois
                  | rC- Str+5}
 87470 | Slime:5  | Identified the +1 pair of gloves of Bitterness {^Drain
                  | rCorr Dex+7 Slay+3}
 87527 | Slime:5  | Identified the +9 glaive of Gozag's Delight {freeze, rC+++
                  | rCorr MP+9 Str-3}
 87531 | Slime:5  | Acquired 693 gold pieces
 87546 | Slime:5  | Identified the +3 chain mail of Supple Strength {Str+5}
 87596 | Slime:5  | Identified the +1 scale mail of an ossuary {Dex+5}
 88436 | Zot:1    | Entered Level 1 of the Realm of Zot
 88626 | Zot:1    | HP: 32/208 [something (18)]
 88891 | Zot:1    | Noticed Parghit
 88894 | Zot:1    | Killed Parghit
 90881 | Orc:2    | Bought a scroll of fear for 52 gold pieces
 90881 | Orc:2    | Bought a scroll of teleportation for 39 gold pieces
 90881 | Orc:2    | Bought a scroll of revelation for 97 gold pieces
 90881 | Orc:2    | Bought a scroll of revelation for 97 gold pieces
 90881 | Orc:2    | Bought a scroll of teleportation for 39 gold pieces
 91185 | Snake:3  | Bought a potion of invisibility for 88 gold pieces
 91185 | Snake:3  | Bought 2 potions of berserk rage for 110 gold pieces
 91185 | Snake:3  | Bought a potion of berserk rage for 55 gold pieces
 91185 | Snake:3  | Bought a potion of berserk rage for 55 gold pieces
 91191 | Snake:3  | Bought a scroll of vulnerability for 72 gold pieces
 91712 | D:3      | Fell from the grace of Fedhas
 91712 | D:3      | Became a worshipper of the Shining One
 91965 | Elf:2    | Bought a scroll of revelation for 135 gold pieces
 91965 | Elf:2    | Bought a scroll of teleportation for 54 gold pieces
 91965 | Elf:2    | Bought a scroll of fog for 72 gold pieces
 91965 | Elf:2    | Bought a scroll of fog for 72 gold pieces
 91965 | Elf:2    | Bought a scroll of teleportation for 54 gold pieces
 92314 | Zig:1    | Entered Level 1 of a ziggurat
 92341 | Zig:2    | Entered Level 2 of a ziggurat
 92389 | Zig:3    | Entered Level 3 of a ziggurat
 92392 | Zig:3    | Noticed a Killer Klown
 92392 | Zig:3    | Found the +7 mace of Variability {chaos, chaos arc}
 92395 | Zig:3    | Killed a Killer Klown
 92471 | Zig:4    | Entered Level 4 of a ziggurat
 92509 | Zig:5    | Entered Level 5 of a ziggurat
 92554 | Zig:5    | Acquired a staff of conjuration
 92579 | Zig:6    | Entered Level 6 of a ziggurat
 92583 | Zig:6    | Reached * piety under the Shining One
 92585 | Zig:6    | Noticed an ancient lich
 92588 | Zig:6    | Killed an ancient lich
 92691 | Zig:7    | Entered Level 7 of a ziggurat
 92740 | Zig:7    | Identified the +1 glaive "Wang" {freeze, rPois Int+3}
 92752 | Zig:8    | Entered Level 8 of a ziggurat
 92758 | Zig:8    | Noticed Zyboumm the pandemonium lord
 92759 | Zig:8    | Reached ** piety under the Shining One
 92764 | Zig:8    | Killed Zyboumm the pandemonium lord
 92793 | Zig:8    | Identified the amulet "Qyarozeide" {Acrobat rC+}
 92800 | Zig:8    | Identified the +4 chain mail of the Bells {^Contam rCorr
                  | Int+4 Dex-2}
 92817 | Zig:8    | Identified the +1 long sword "Kozaeps" {freeze, rElec rC+
                  | Int+3}
 92824 | Zig:9    | Entered Level 9 of a ziggurat
 92830 | Zig:9    | Reached skill level 10 in Evocations
 92926 | Zig:9    | Identified the +7 orcbow "Erro" {speed, rC+++}
 92931 | Zig:10   | Entered Level 10 of a ziggurat
 92941 | Zig:10   | Noticed a Killer Klown
 92941 | Zig:10   | Noticed a Killer Klown
 92941 | Zig:10   | Noticed Leurug the pandemonium lord
 92941 | Zig:10   | Noticed a Killer Klown
 92943 | Zig:10   | Killed a Killer Klown
 92943 | Zig:10   | Noticed Naqex the pandemonium lord
 92944 | Zig:10   | Killed a Killer Klown
 92944 | Zig:10   | Killed a Killer Klown
 92946 | Zig:10   | Killed Leurug the pandemonium lord
 92949 | Zig:10   | Killed Naqex the pandemonium lord
 92951 | Zig:10   | Noticed a Killer Klown
 92954 | Zig:10   | Killed a Killer Klown
 93054 | Zig:10   | Identified the +0 cloak "Qimaamn" {Harm Str+3}
 93095 | Zig:11   | Entered Level 11 of a ziggurat
 93101 | Zig:11   | Reached *** piety under the Shining One
 93144 | Zig:11   | Identified the +14 ice dragon scales of Too Many Cooks
                  | {rElec rF- rC++ Str+2}
 93188 | Zig:11   | Identified the +0 cloak of Iptaem {rF- rN++ Dex+6}
 93194 | Zig:12   | Entered Level 12 of a ziggurat
 93206 | Zig:12   | Reached **** piety under the Shining One
 93220 | Zig:12   | Gained mutation: You are dopey. (Int -2) [a neqoxec]
 93272 | Zig:12   | Found the +11 plutonium sword {^Contam Stlth-}
 93357 | Zig:13   | Entered Level 13 of a ziggurat
 93418 | Zig:13   | Identified the +8 flail of Big Damage {venom, rElec MP-9
                  | Dex+6}
 93456 | Zig:14   | Entered Level 14 of a ziggurat
 93482 | Zig:14   | Reached skill level 27 in Spellcasting
 93482 | Zig:14   | Reached skill level 27 in Conjurations
 93482 | Zig:14   | Reached skill level 27 in Hexes
 93482 | Zig:14   | Reached skill level 27 in Summonings
 93482 | Zig:14   | Reached skill level 27 in Necromancy
 93482 | Zig:14   | Reached skill level 27 in Translocations
 93482 | Zig:14   | Reached skill level 27 in Fire Magic
 93482 | Zig:14   | Reached skill level 27 in Ice Magic
 93482 | Zig:14   | Reached skill level 27 in Air Magic
 93482 | Zig:14   | Reached skill level 27 in Earth Magic
 93482 | Zig:14   | Reached skill level 27 in Alchemy
 93594 | Zig:14   | Found the +3 pair of seven-league boots {Rampage+∞}
 93595 | Zig:14   | Found the +6 Majin-Bo {spellvamp, MP+6 Int+6}
 93605 | Zig:14   | Acquired the staff of the Enemy {rCorr Int-5 Dex-4 SInv
                  | Earth}
 93608 | Zig:14   | Acquired a manual of Axes
 93631 | Zig:14   | Identified the staff of Wu Jian, Freezing {rElec Int+3 Summ
                  | Air}
 93641 | Zig:15   | Entered Level 15 of a ziggurat
 93649 | Zig:15   | Noticed a dread lich
 93650 | Zig:15   | Reached ***** piety under the Shining One
 93651 | Zig:15   | Killed a dread lich
 93679 | Zig:15   | Found the +11 Singing Sword {sonic wave}
 93690 | Zig:15   | Identified the blade talisman of Grot {rC+ Dex+4}
 93706 | Zig:15   | Identified the staff "Puofoy" {rElec rPois SInv Air
                  | Alchemy}
 93715 | Zig:15   | Identified the amulet "Vattiopul" {Spirit Harm Int+3 Dex-4}
 93750 | Zig:16   | Entered Level 16 of a ziggurat
 93774 | Zig:16   | Found the +7 great mace "Undeadhunter" {deathbane, rN+}
 93801 | Zig:16   | Identified the +10 rapier of Conflict {holy, rF+ Will-
                  | Dex+3}
 93813 | Zig:16   | Identified the ring of Departure {rElec Str+4 SInv}
 93825 | Zig:16   | Identified the +3 flail of Crystal {drain, Str+2}
 93876 | Zig:17   | Entered Level 17 of a ziggurat
 93910 | Zig:17   | Reached ****** piety under the Shining One
 94037 | Zig:17   | Identified the +3 long sword of the Silent Majority
                  | {distort, *Noise rF+++ rCorr}
 94073 | Zig:17   | Identified the staff of Courage {+Blink rF+ SInv Summ Fire}
 94089 | Zig:17   | Identified the +2 bardiche of Ilomm {pain, +Blink}
 94091 | Zig:17   | Identified the +5 rapier "Fukuymemp" {freeze, Int+5}
 94094 | Zig:17   | Identified the +5 trident "Fusmamof" {flame, rC+ Str+3
                  | Dex+3}
 94103 | Zig:18   | Entered Level 18 of a ziggurat
 94122 | Zig:18   | Noticed a royal mummy
 94123 | Zig:18   | Noticed a royal mummy
 94123 | Zig:18   | Noticed a royal mummy
 94125 | Zig:18   | Killed a royal mummy
 94126 | Zig:18   | Killed a royal mummy
 94127 | Zig:18   | Killed a royal mummy
 94127 | Zig:18   | Noticed a royal mummy
 94127 | Zig:18   | Noticed a royal mummy
 94135 | Zig:18   | Killed a royal mummy
 94138 | Zig:18   | Killed a royal mummy
 94329 | Zig:18   | Identified the +4 mace of Jaop {flame, rElec rC+}
 94331 | Zig:18   | Identified the ring "Jucsiolo" {rPois rF- Str-4 Int+4
                  | Slay+3}
 94332 | Zig:18   | Identified the staff of the Trees {rC+ rN+ Ice}
 94352 | Zig:19   | Entered Level 19 of a ziggurat
 94369 | Zig:19   | Reached skill level 15 in Invocations
 94486 | Zig:19   | Identified the amulet of Moral Flaws {Faith Fly rC+ rCorr
                  | Int-3}
 94490 | Zig:19   | Identified the ring of Ephemeral Luck {Fly Dex+3 Stlth+}
 94496 | Zig:19   | Identified the +1 rapier of Kiumon {flame, SInv}
 94503 | Zig:19   | Identified the +12 falchion of Lust {venom, Int+3}
 94519 | Zig:19   | Identified the +8 long sword of the Hungering Seer {freeze,
                  | rElec rF+ SInv}
 95283 | Shoals:2 | Identified a +9 eudemon blade of holy wrath (a +7 demon
                  | blade of flaming blessed by the Shining One)
 95283 | Shoals:2 | Received a gift from the Shining One
 95706 | Zot:2    | Reached skill level 1 in Long Blades
 96004 | Zot:2    | Noticed a Killer Klown
 96008 | Zot:2    | Killed a Killer Klown
 96415 | Zot:2    | Reached skill level 5 in Long Blades
 97174 | Zot:3    | Was forgiven by Fedhas
 97435 | Zot:3    | Found a stormy altar of Qazlal.
 97628 | Zot:3    | Reached skill level 10 in Long Blades
 98620 | Zot:4    | Found a transporter.
 98624 | Zot:4    | Identified the +1 war axe of Zexumy {antimagic, Int+5}
 98763 | Zot:4    | Found a transporter.
 98820 | Zot:4    | Identified the ring "Zesucwuzur" {rC+ rCorr}
 98845 | Zot:4    | Identified the ring of Ogupluth {rPois AC+4 Str+2 Dex+4
                  | Slay-2}
 98930 | Zot:4    | Noticed an orb of fire
 98936 | Zot:4    | Gained mutation: You are clumsy. (Dex -2) [an orb of fire]
 98940 | Zot:4    | Killed an orb of fire
 99023 | Zot:4    | Identified the +1 robe of the Inquisitive Lies {Int+2}
 99420 | D:10     | Killed hofbold's ghost
 99970 | Elf:2    | Killed Roxanne
100034 | Elf:2    | Noticed Asterion
100036 | Elf:2    | Killed Asterion
100169 | Elf:2    | Noticed Jorgrun
100171 | Elf:2    | Killed Jorgrun
100861 | Hell     | Entered the Vestibule of Hell
100861 | Hell     | Noticed Geryon
100866 | Hell     | Killed Geryon
100867 | Hell     | Gained mutation: You occasionally lose the ability to drink
                  | potions when taking damage. [a cacodemon]
100882 | Hell     | Noticed Murray
100884 | Hell     | Reached skill level 27 in Fighting
100884 | Hell     | Killed Murray
101021 | Hell     | Found a gateway to the decaying netherworld of Tartarus.
101069 | Hell     | Found a gateway to the freezing wastes of Cocytus.
101153 | Hell     | Found a gateway to the Iron City of Dis.
101286 | Hell     | Found a gateway to the ashen valley of Gehenna.
101379 | Depths:1 | Lost mutation: You occasionally lose the ability to drink
                  | potions when taking damage. [potion of mutation]
101379 | Depths:1 | Lost mutation: You are dopey. (Int -2) [potion of mutation]
101379 | Depths:1 | Lost mutation: You are clumsy. (Dex -2) [potion of
                  | mutation]
101379 | Depths:1 | Gained mutation: You are occasionally teleported next to
                  | monsters. [potion of mutation]
101379 | Depths:1 | Gained mutation: You sometimes lose your temper in combat.
                  | [potion of mutation]
101379 | Depths:1 | Lost mutation: You sometimes lose your temper in combat.
                  | [potion of mutation]
101380 | Depths:1 | Lost mutation: You are occasionally teleported next to
                  | monsters. [potion of mutation]
101380 | Depths:1 | Gained mutation: Your muscles are strong. (Str +4, Int/Dex
                  | -1) [potion of mutation]
101380 | Depths:1 | Gained mutation: You are agile. (Dex +4, Str/Int -1)
                  | [potion of mutation]
101380 | Depths:1 | Gained mutation: You are partially covered in iridescent
                  | scales. (AC +2) [potion of mutation]
101399 | Pan      | Entered Pandemonium
101570 | Pan      | Noticed Ignacio
101573 | Pan      | Noticed Cunk the pandemonium lord
101574 | Pan      | Killed Ignacio
101577 | Pan      | Killed Cunk the pandemonium lord
101788 | Pan      | Identified the +10 flail "Midod" {elec, Will+ Stlth+}
101982 | Pan      | Identified the +4 hand axe of Waosiesu {freeze, rElec rCorr
                  | Str-3 Dex+3}
102546 | Pan      | Noticed Goisonku the pandemonium lord
102551 | Pan      | Killed Goisonku the pandemonium lord
103080 | Pan      | Noticed Oboreuc the pandemonium lord
103083 | Pan      | Killed Oboreuc the pandemonium lord
103441 | Pan      | Found a runed translucent door.
103481 | Pan      | Got a demonic rune of Zot
103677 | Pan      | Reached skill level 15 in Evocations
103940 | Pan      | Noticed Eppuquin the pandemonium lord
103945 | Pan      | Killed Eppuquin the pandemonium lord
103994 | Pan      | Gained mutation: A frigid envelope surrounds you and
                  | freezes all who hurt you. [a neqoxec]
104348 | Pan      | Entered the realm of Lom Lobon.
105693 | Pan      | Noticed Lom Lobon
105704 | Pan      | Killed Lom Lobon
105747 | Pan      | Got a magical rune of Zot
106019 | Pan      | Found an exit through the horrors of the Abyss.
106341 | Pan      | Noticed Negul the pandemonium lord
106343 | Pan      | Killed Negul the pandemonium lord
106382 | Pan      | Entered the realm of Cerebov.
107607 | Pan      | Reached skill level 27 in Dodging
107671 | Pan      | Found the +6 sword of Cerebov {flame}
107671 | Pan      | Noticed Cerebov
107700 | Pan      | Killed Cerebov
107792 | Pan      | Identified the +4 halberd of Income {antimagic, rF+ Int+3
                  | Stlth+}
107801 | Pan      | Identified the +0 plate armour of Hachah {Str+3}
107881 | Pan      | Identified the +1 gold dragon scales "Edghacs" {rPois rF+
                  | rC+ Str+6 Dex+2}
107892 | Pan      | Identified the amulet of Balagoro {Spirit rC+ Will+ Dex+3
                  | Slay-3}
107960 | Pan      | Identified the staff "Geimowux" {rCorr Str+6 Conj Ice}
108178 | Pan      | Got a fiery rune of Zot
108482 | Pan      | Noticed Ogoymof the pandemonium lord
108485 | Pan      | Killed Ogoymof the pandemonium lord
108567 | Pan      | Entered the realm of Gloorx Vloq.
108633 | Pan      | Noticed Mennas
108636 | Pan      | Killed Mennas
109278 | Pan      | Noticed Gloorx Vloq
109282 | Pan      | Killed Gloorx Vloq
109311 | Pan      | Got a dark rune of Zot
109517 | Pan      | Noticed Jaedoaros the pandemonium lord
109585 | Pan      | Entered the realm of Mnoleg.
110038 | Pan      | Noticed Mnoleg
110044 | Pan      | Killed Mnoleg
110226 | Pan      | Gained mutation: You are dopey. (Int -2) [a neqoxec]
110267 | Pan      | Got a glowing rune of Zot
110398 | Pan      | Found an exit through the horrors of the Abyss.
110417 | Pan      | Took an exit into the Abyss.
110417 | Abyss:1  | Escaped into the Abyss
110693 | Abyss:3  | Found a corrupted altar of Lugonu.
110732 | Depths:1 | Escaped the Abyss
110752 | Pan      | Entered Pandemonium
110973 | Pan      | Noticed Mudifeef the pandemonium lord
110979 | Pan      | Killed Mudifeef the pandemonium lord
111453 | Depths:1 | Escaped Pandemonium
111491 | Depths:2 | Voluntarily entered the Abyss.
111494 | Abyss:3  | Found a corrupted altar of Lugonu.
111643 | Depths:2 | Escaped the Abyss
111689 | Depths:2 | Voluntarily entered the Abyss.
111703 | Abyss:3  | Found a corrupted altar of Lugonu.
111798 | Abyss:4  | Found a corrupted altar of Lugonu.
111801 | Abyss:4  | Got an abyssal rune of Zot
111863 | Depths:2 | Escaped the Abyss
112006 | Geh:1    | Entered Level 1 of Gehenna
112040 | Geh:1    | Noticed a dread lich
112042 | Geh:1    | Killed a dread lich
112375 | Geh:4    | Noticed a dread lich
112379 | Geh:4    | Killed a dread lich
112968 | Geh:7    | Entered Level 7 of Gehenna
113403 | Geh:7    | Noticed an ancient lich
113406 | Geh:7    | Killed an ancient lich
113806 | Geh:7    | Identified the +6 spear of Ygriox {flame, +Blink rPois
                  | Str-5 Dex+5}
114246 | Geh:7    | Identified the +3 dagger of Fausm {vamp, Str+3 Dex+2}
114394 | Geh:7    | Identified the amulet "Xeit" {Acrobat +Blink rN+}
114517 | Geh:7    | Found the +13 sceptre of Asmodeus
114517 | Geh:7    | Noticed Asmodeus
114525 | Geh:7    | Killed Asmodeus
114572 | Geh:7    | Got an obsidian rune of Zot
115263 | Dis:1    | Entered Level 1 of the Iron City of Dis
115874 | Dis:3    | You are sucked into a shaft and drop 1 floor!
116124 | Dis:7    | Entered Level 7 of the Iron City of Dis
116168 | Dis:7    | Noticed a juggernaut
116172 | Dis:7    | Killed a juggernaut
116185 | Dis:7    | Noticed a juggernaut
116187 | Dis:7    | Killed a juggernaut
116438 | Dis:7    | Reached skill level 10 in Armour
116552 | Dis:7    | Noticed the Serpent of Hell
116558 | Dis:7    | Killed the Serpent of Hell
116613 | Dis:7    | Noticed a juggernaut
116615 | Dis:7    | Killed a juggernaut
116833 | Dis:7    | Got an iron rune of Zot
116834 | Dis:7    | Noticed Dispater
116981 | Tar:1    | Entered Level 1 of Tartarus
117158 | Tar:1    | Noticed Jory
117162 | Tar:1    | Killed Jory
117257 | Tar:2    | Reached skill level 27 in Shields
117849 | Tar:7    | Entered Level 7 of Tartarus
118205 | Tar:7    | Noticed Ereshkigal
118209 | Tar:7    | Killed Ereshkigal
118229 | Tar:7    | Got a bone rune of Zot
118492 | Coc:1    | Entered Level 1 of Cocytus
119038 | Coc:4    | Noticed a shard shrike
119038 | Coc:4    | Noticed a shard shrike
119041 | Coc:4    | Killed a shard shrike
119043 | Coc:4    | Killed a shard shrike
119378 | Coc:6    | Noticed an ancient lich
119381 | Coc:6    | Killed an ancient lich
119396 | Coc:6    | Noticed a shard shrike
119398 | Coc:6    | Killed a shard shrike
119475 | Coc:6    | Noticed a shard shrike
119482 | Coc:6    | Killed a shard shrike
119499 | Coc:6    | Noticed a shard shrike
119559 | Coc:6    | Noticed a shard shrike
119560 | Coc:6    | Noticed a shard shrike
119562 | Coc:6    | Killed a shard shrike
119565 | Coc:6    | Killed a shard shrike
119565 | Coc:6    | Killed a shard shrike
119604 | Coc:6    | Noticed a shard shrike
119641 | Coc:6    | Killed a shard shrike
119881 | Coc:7    | Entered Level 7 of Cocytus
119894 | Coc:7    | Reached skill level 15 in Armour
119906 | Coc:7    | Paralysed by a wendigo for 1 turns
119919 | Coc:7    | Paralysed by a wendigo for 1 turns
119954 | Coc:7    | Noticed a shard shrike
120005 | Coc:7    | Noticed a shard shrike
120025 | Coc:7    | Killed a shard shrike
120070 | Coc:7    | Killed a shard shrike
120167 | Coc:7    | Noticed a shard shrike
120167 | Coc:7    | Noticed a shard shrike
120168 | Coc:7    | Noticed a shard shrike
120169 | Coc:7    | Killed a shard shrike
120170 | Coc:7    | Killed a shard shrike
120172 | Coc:7    | Killed a shard shrike
120203 | Coc:7    | Identified the +8 sling of Untruth {freeze, Int+4}
120205 | Coc:7    | Identified the +8 trident of the Ring {elec, Dex+2}
120215 | Coc:7    | Identified the +3 scale mail of the Trombone {Dex+3}
120686 | Coc:7    | Noticed a shard shrike
120690 | Coc:7    | Killed a shard shrike
120919 | Coc:7    | Noticed Antaeus
120939 | Coc:7    | Killed Antaeus
120993 | Coc:7    | Got an icy rune of Zot
121387 | Tomb:1   | Entered Level 1 of the Tomb of the Ancients
121409 | Tomb:1   | Noticed a royal mummy
121414 | Tomb:1   | Killed a royal mummy
121465 | Tomb:1   | Noticed a royal mummy
121468 | Tomb:1   | Killed a royal mummy
121470 | Tomb:1   | Noticed a royal mummy
121474 | Tomb:1   | Killed a royal mummy
121582 | Tomb:1   | Noticed a royal mummy
121584 | Tomb:1   | Noticed a royal mummy
121586 | Tomb:1   | Killed a royal mummy
121587 | Tomb:1   | Killed a royal mummy
121703 | Tomb:1   | Noticed a royal mummy
121706 | Tomb:1   | Killed a royal mummy
121819 | Tomb:1   | Noticed a royal mummy
121823 | Tomb:1   | Killed a royal mummy
121967 | Tomb:1   | Noticed a royal mummy
122051 | Tomb:1   | Killed a royal mummy
122376 | Tomb:1   | Noticed a royal mummy
122379 | Tomb:1   | Killed a royal mummy
122445 | Tomb:1   | Noticed a royal mummy
122448 | Tomb:1   | Killed a royal mummy
122560 | Tomb:1   | Noticed a royal mummy
122562 | Tomb:1   | Killed a royal mummy
122705 | Tomb:1   | Identified the ring "Esufilan" {rC++ Will+ Int-3} (You took
                  | it off a guardian mummy on level 1 of the Tomb of the
                  | Ancients)
122920 | Tomb:1   | Noticed a royal mummy
122922 | Tomb:1   | Noticed a royal mummy
122923 | Tomb:1   | Killed a royal mummy
122925 | Tomb:1   | Killed a royal mummy
123417 | Tomb:2   | Noticed a royal mummy
123426 | Tomb:2   | Reached skill level 27 in Evocations
123482 | Tomb:2   | Noticed a royal mummy
123487 | Tomb:2   | Noticed a royal mummy
123489 | Tomb:1   | Killed a royal mummy
123491 | Tomb:1   | Killed a royal mummy
123491 | Tomb:1   | HP: 40/228 [something (11)]
123667 | Tomb:2   | Noticed a royal mummy
123668 | Tomb:2   | Killed a royal mummy
123673 | Tomb:2   | Killed a royal mummy
124060 | Tomb:3   | Entered Level 3 of the Tomb of the Ancients
124070 | Tomb:3   | Noticed a royal mummy
124072 | Tomb:3   | Noticed a royal mummy
124073 | Tomb:3   | Killed a royal mummy
124073 | Tomb:3   | Noticed a royal mummy
124208 | Tomb:3   | Noticed a royal mummy
124222 | Tomb:3   | Noticed a royal mummy
124223 | Tomb:3   | Noticed a royal mummy
124223 | Tomb:3   | HP: 43/228 [??? (21)]
124826 | Lair:5   | Identified the +7 mace "Dopti Niri" {chaos, Fly rC++ Str+4}
125343 | Tomb:3   | Noticed a royal mummy
125344 | Tomb:3   | Noticed a royal mummy
125351 | Tomb:3   | Killed a royal mummy
125351 | Tomb:3   | Killed a royal mummy
125351 | Tomb:3   | Killed a royal mummy
125352 | Tomb:3   | Killed a royal mummy
125352 | Tomb:3   | Killed a royal mummy
125354 | Tomb:3   | Killed a royal mummy
125463 | Tomb:3   | Acquired the +2 shield of Resistance {rF++ rC++ Will++}
125463 | Tomb:3   | Found the +2 shield of Resistance {rF++ rC++ Will++}
125509 | Tomb:3   | Killed a royal mummy
125550 | Tomb:3   | Identified the +0 long sword "Makaled" {pain, Str+3 Int-3
                  | SInv}
125684 | Tomb:3   | Found the amulet of Vitality {Regen++ RegenMP++}
125739 | Tomb:3   | Identified the ring "Koru" {^Contam rF+ rC+ rN+ rCorr}
125769 | Tomb:3   | Identified the +5 sling "Iqoo" {drain, rC++ rN+ Int+2}
125843 | Tomb:3   | Got a golden rune of Zot
126369 | Zot:5    | Entered Level 5 of the Realm of Zot
126616 | Zot:5    | Noticed an ancient lich
126618 | Zot:5    | Killed an ancient lich
126628 | Zot:5    | Noticed a Killer Klown
126637 | Zot:5    | Killed a Killer Klown
126685 | Zot:5    | Noticed an orb of fire
126689 | Zot:5    | Killed an orb of fire
126716 | Zot:5    | Noticed a Killer Klown
126724 | Zot:5    | Killed a Killer Klown
126734 | Zot:5    | Noticed an ancient lich
126737 | Zot:5    | Killed an ancient lich
126741 | Zot:5    | Noticed a Killer Klown
126744 | Zot:5    | Killed a Killer Klown
126806 | Zot:5    | Noticed a Killer Klown
126808 | Zot:5    | Killed a Killer Klown
126819 | Zot:5    | Noticed a Killer Klown
126821 | Zot:5    | Killed a Killer Klown
126844 | Zot:5    | Noticed an ancient lich
126846 | Zot:5    | Killed an ancient lich
126898 | Zot:5    | Noticed a dread lich
126902 | Zot:5    | Killed a dread lich
127003 | Zot:5    | Noticed a Killer Klown
127008 | Zot:5    | Killed a Killer Klown
127079 | Zot:5    | Noticed a Killer Klown
127083 | Zot:5    | Killed a Killer Klown
127123 | Zot:5    | Noticed a Killer Klown
127125 | Zot:5    | Killed a Killer Klown
127152 | Zot:5    | Noticed a Killer Klown
127153 | Zot:5    | Killed a Killer Klown
127399 | Zot:5    | Noticed a Killer Klown
127401 | Zot:5    | Killed a Killer Klown
127448 | Zot:5    | Noticed a Killer Klown
127450 | Zot:5    | Killed a Killer Klown
127465 | Zot:5    | Noticed an orb of fire
127469 | Zot:5    | Killed an orb of fire
127486 | Zot:5    | Noticed an orb of fire
127490 | Zot:5    | Killed an orb of fire
128140 | Zot:5    | Got the Orb of Zot
128585 | D:$      | Escaped with the Orb!

Illustrated notes

Levels and vault maps discovered:
D:1:      evilmike_arrival_plus, layout_rooms, minmay_tiny_reverse_x
D:2:      layout_loops_ring, nicolae_ecumenical_snake_handling
D:3:      layout_basic, grunt_temple_overflow_diamond,
          nicolae_nh_oracle_at_delphi
D:4:      layout_cave_pools, kennysheep_mini_moat, gammafunk_ghost_mausoleum
D:5:      layout_loops_cross, serial_shops, shop, shop,
          nicolae_shop_back_alley_shop, nicolae_shop_bloodbath_and_beyond
D:6:      layout_rooms, lemuel_doored_altar, nicolae_wu_jian_wuxing_cycle,
          minmay_temple_entry_mini_moons, skrybe_limestone_x, water_boxes_lemuel
D:7:      layout_loops_ring, mainiacjoe_overflow_tiny_flanked, serial_shops,
          shop, shop, shop_fountains
D:8:      layout_basic, gammafunk_ghost_wrathful_warriors, uniq_psyche,
          uniq_joseph
D:9:      minmay_the_grid_plus [minmay_the_grid_diamond_grid,
          minmay_the_grid_stretched_grid, minmay_the_grid_all_tris,
          minmay_the_grid_spikes, minmay_the_grid_prize_shrinking_boxes],
          layout_grid_maze, orc_0_dummy, enter_bailey_4, kennysheep_nub
D:10:     layout_basic, mainiacjoe_overflow_alcove_4, jmf_multi_god_temple2,
          gammafunk_ghost_spectres
D:11:     layout_long_grid, due_lair_maze_entry_diamond, enter_trove_3,
          gauntlet_entry_generic, kennysheep_generic_room_2
D:12:     layout_rooms
D:13:     layout_basic, grunt_vaults_entry_tiered, minivault_16
D:14:     minmay_tri_stars, layout_basic, serial_corexii_hall,
          corexii_hall_statues_x, chequers_hall_statues_y, xom_teletrap_fun
D:15:     grunt_enter_depths_magical_seal, layout_basic,
          minmay_misc_feat_ornament
Lair:1:   layout_loops_ring, grunt_megastairs_2
Lair:2:   layout_misc_corridors, hangedman_tree_tricks, serial_bayou_shore_a
Lair:3:   nzn_winding_woodlands_stair_trap [nzn_winding_woodlands_5x15_twine,
          nzn_winding_woodlands_5x15_garden,
          nzn_winding_woodlands_5x15_river_crossing,
          nzn_winding_woodlands_15x15_thick_spiral,
          nzn_winding_woodlands_5x15_sawtooth,
          nzn_winding_woodlands_5x15_pathside_ponds,
          nzn_winding_woodlands_5x15_default], layout_chaotic_city,
          minmay_shoals_entry_lonely_mermaid, alex1729_snake_entry_snake
Lair:4:   cheibrodos_lair_river_kwai, layout_cellular_growth
Lair:5:   due_jungle_book, layout_gridlike, minmay_slime_entry_pillars,
          infiniplex_staircase_pool_2
Shoals:1: layout_shoals, serial_shops, nicolae_shop_tiny_real_fake_doors
Shoals:2: layout_shoals, portal_ice_cave_entry_dragon, lemuel_centaur_altar,
          uniq_aizul, uniq_polyphemus
Shoals:3: nzn_motion_control, layout_shoals, uniq_louise
Shoals:4: shoals_end_simple, layout_shoals, uniq_nikola
Snake:1:  layout_chambers, serial_shops, shop
Snake:2:  layout_misc_corridors, serial_shops, nicolae_shop_tiny_real_fake_doors
Snake:3:  layout_honeycomb, minmay_shoptagon
Snake:4:  grunt_snake_rune_spirals, layout_onion, uniq_mara
Slime:1:  layout_caves, cheibrodos_slime_lost_civilization_5
Slime:2:  layout_caves
Slime:3:  layout_caves
Slime:4:  layout_caves
Slime:5:  slime_pit_nicolae_inversion
Orc:1:    layout_caves
Orc:2:    kennysheep_orc_mage_school, layout_diamond_mine,
          nicolae_orc_bridge_out
Elf:1:    nicolae_elf_arrival_fired_up, layout_geoelf_octagon,
          mu_enter_wizlab_5, serial_shops, shop,
          hangedman_elven_crosses_minicolossus
Elf:2:    nicolae_elf_blades_splatter_lattice [nicolae_blade_entry_antechamber],
          layout_geoelf_diagonals, serial_shops, shop_fountains,
          nicolae_elf_v_pinch, uniq_asterion, uniq_jorgrun, uniq_roxanne
Elf:3:    minmay_elf_hall_x, layout_loops_cross, basic_altar, serial_shops,
          shop, nicolae_rare_books, serial_sigils_hangedman_snap
Vaults:1: v_alt_pattern_2, nicolae_vaults_heart-shaped_vault,
          nicolae_vaults_trapezoid_1, vaults_room_guarded_vault,
          vaults_mumra_hex, nicolae_vaults_mini_display_case,
          nicolae_vaults_six-pack, nicolae_vaults_big_ls, layout_vaults_omnigrid
Vaults:2: gammafunk_ghost_grave, v_misc_17, nicolae_vaults_door_testing_chamber,
          vaults_room_door_ring, nicolae_vaults_tetromino_L_1,
          nicolae_vaults_stairing_the_circle, vaults_room_fancy_cross,
          nicolae_vaults_little_squares_6, vaults_room_octagon,
          nicolae_vaults_sesquioval_fish, nicolae_vaults_more_shelving_1,
          nicolae_vaults_rhombus_5, nicolae_vaults_trapezoid_2,
          layout_vaults_maze_snakey, uniq_donald
Vaults:3: nicolae_vaults_tetromino_T_2, v_rooms_4, vaults_dpeg_ring,
          hangedman_vaults_stagger, nicolae_vaults_border_crossing,
          ontoclasm_vaults_shuriken, ontoclasm_vaults_ring_square,
          hangedman_vaults_trim, ontoclasm_vaults_chip,
          minmay_crypt_entry_simple_walls, layout_vaults_ring
Vaults:4: v_misc_23, ontoclasm_vaults_ring_small, dpeg_vaults_monster_box,
          nicolae_vaults_diamond_2, grunt_vaults_hallway_short,
          vaults_room_ringed_pool, nicolae_vaults_security_offices_4,
          vaults_dpeg_diagonal, serial_library_hellmonk_reading_circle,
          v_misc_18, layout_vaults_big_room
Vaults:5: uniq_boris
Crypt:1:  layout_misc_corridors, special_room [special_room_morgue], uniq_zenata
Crypt:2:  layout_regular_city, door_vault, grunt_megastairs_1
Crypt:3:  quadcrypt_mu
Tomb:1
Tomb:2
Tomb:3
Depths:1: layout_basic, enter_ziggurat_d, hell_entry, rand_demon_pan_entry_8,
          nicolae_hexahallways, grunt_gozag_statues
Depths:2: hangedman_cross_veins, layout_cave_shapes, abyss_entry_flame_altar,
          serial_shops, nicolae_shop_advertising_works
          [nicolae_subvault_shop_adworks], grunt_pan_entry_in_and_out,
          hell_entry, nicolae_hepliaklqana_hazy_memory, serial_bayou_shore_b
Depths:3: nooodl_glass_maze, layout_small_grid, abyss_entry,
          grunt_hell_entry_dis_mu, kennysheep_random_hallway
Depths:4: grunt_twist_and_shout, layout_basic, abyss_entry, grunt_hell_horde,
          hangedman_abyss_or_decor_slice, minmay_misc_feat_cross,
          hangedman_glass_teeth, minmay_shop_grove
Hell
Dis:1:    lightli_tower_of_babel
Dis:2:    layout_subdivisions
Dis:3:    layout_subdivisions
Dis:4:    layout_regular_city
Dis:5:    layout_subdivisions
Dis:6:    layout_overlapping_boxes
Dis:7:    dis_grunt_layers
Geh:1:    nicolae_hells_demon_pit, layout_gehenna_pools_box
Geh:2:    layout_gehenna_pools_basic
Geh:3:    layout_gehenna_lava_caves, lemuel_flamethrower_2
Geh:4:    layout_gehenna_lava_caves
Geh:5:    layout_gehenna_lava_caves
Geh:6:    layout_gehenna_pools_box
Geh:7:    geh_grunt
Coc:1:    layout_cocytus_delve, nicolae_coc_melting_block
Coc:2:    layout_ice_bergs
Coc:3:    layout_cocytus_delve
Coc:4:    layout_cocytus_water_paths, serial_ice
Coc:5:    layout_cocytus_water_paths
Coc:6:    nicolae_coc_city_of_iceburg
Coc:7:    coc_dpeg
Tar:1:    hangedman_tartarus_silent_blood_keep, layout_cathedral_of_symmetry
Tar:2:    layout_grid_maze
Tar:3:    layout_catacombs
Tar:4:    layout_cathedral_of_symmetry
Tar:5:    layout_cathedral_of_symmetry, nicolae_tar_cuneiform_to_be
Tar:6:    layout_grid_maze, nicolae_tar_honey_rotating
Tar:7:    tar_mu [tar_mu_maze]
Zot:1:    layout_cathedral_of_symmetry, regret_index_zotdec_silver_v_v_loose,
          uniq_parghit
Zot:2:    kennysheep_bubbly, layout_basic, regret_index_zotdec_magical_s,
          regret_index_zotdec_serpentine_scales
Zot:3:    nicolae_zot_draconian_monastery, layout_gridville,
          hangedman_spider_trapstep
Zot:4:    gammafunk_dig_for_victory, layout_twisted_circle
Zot:5:    layout_basic, hangedman_zot_decor_slant

Skill      XL: |  1  2  3  4  5  6  7  8  9 10 11 12 13 14 15 16 17 18 19 20 21 22 23 24 25 26 27 |
---------------+----------------------------------------------------------------------------------+-----
Fighting       | 1 2 4 5 7 8 10 12 14 15 16 17 18 19 27 | 27.0
Spellcasting   | 4 5 8 9 10 12 13 14 16 18 19 20 22 24 27 | 27.0
Conjurations   | 4 5 8 9 10 12 13 14 16 18 19 20 22 24 27 | 27.0
Hexes          | 4 5 8 9 10 12 13 14 16 18 19 20 22 24 27 | 27.0
Summonings     | 4 5 8 9 10 12 13 14 16 18 19 20 22 24 27 | 27.0
Necromancy     | 4 5 8 9 10 12 13 14 16 18 19 20 22 24 27 | 27.0
Translocations | 4 5 8 9 10 12 13 14 16 18 19 20 22 24 27 | 27.0
Fire Magic     | 4 5 8 9 10 12 13 14 16 18 19 20 22 24 27 | 27.0
Ice Magic      | 4 5 8 9 10 12 13 14 16 18 19 20 22 24 27 | 27.0
Air Magic      | 4 5 8 9 10 12 13 14 16 18 19 20 22 24 27 | 27.0
Earth Magic    | 4 5 8 9 10 12 13 14 16 18 19 20 22 24 27 | 27.0
Alchemy        | 4 5 8 9 10 12 13 14 16 18 19 20 22 24 27 | 27.0
Dodging        | 3 4 5 6 9 10 11 12 13 15 16 18 20 21 27 | 27.0
Evocations     | 4 5 6 7 27 | 27.0
Short Blades   | 4 |  4.0
Invocations    | 4 7 9 10 12 13 14 24 | 24.6
Armour         | 2 3 5 21 | 21.5
Shields        | 3 4 5 10 12 13 27 | 27.0
Long Blades    | 13 | 13.7
Stealth        | |  1.5

Action                     |  1- 3 |  4- 6 |  7- 9 | 10-12 | 13-15 | 16-18 | 19-21 | 22-24 | 25-27 || total
---------------------------+-------+-------+-------+-------+-------+-------+-------+-------+-------++-------
  Melee: Hand axe          |     2 |       |       |       |       |       |       |       |       ||     2
         Dagger            |       |    26 |   130 |   178 |   202 |     7 |       |       |       ||   543
         Rapier            |       |       |       |       |       |    15 |       |       |       ||    15
         Eudemon blade     |       |       |       |       |       |       |       |       |   100 ||   100
         Staff             |       |       |       |       |       |       |       |       |    21 ||    21
  Throw: Dart              |       |       |       |       |       |       |       |       |     1 ||     1
   Cast: Magic Dart        |    51 |   103 |   109 |   266 |   805 |   347 |    10 |     2 |       ||  1693
         Slow              |     4 |     2 |    10 |       |       |       |       |       |       ||    16
         Call Imp          |     7 |    18 |    43 |    23 |     1 |       |       |       |       ||    92
         Necrotise         |     1 |     7 |    15 |       |       |       |       |       |       ||    23
         Blink             |     1 |     1 |     8 |    13 |     5 |    10 |     5 |       |    11 ||    54
         Mephitic Cloud    |       |     4 |    27 |    66 |    63 |    11 |       |       |       ||   171
         Lesser Beckoning  |       |       |     3 |     1 |       |       |       |       |       ||     4
         Iskenderun's Batt |       |       |       |    39 |   146 |    63 |     6 |       |       ||   254
         Irradiate         |       |       |       |       |    33 |    18 |    47 |    30 |   109 ||   237
         Bombard           |       |       |       |       |     6 |    32 |    22 |     5 |    36 ||   101
         Permafrost Erupti |       |       |       |       |       |   286 |   491 |   467 |   476 ||  1720
         Starburst         |       |       |       |       |       |       |    12 |     1 |    20 ||    33
         Confusing Touch   |       |       |       |       |       |       |     1 |       |     1 ||     2
         Shatter           |       |       |       |       |       |       |       |       |   891 ||   891
         Fire Storm        |       |       |       |       |       |       |       |       |  1413 ||  1413
         Disjunction       |       |       |       |       |       |       |       |       |     7 ||     7
 Invoke: Wall of Briars    |       |       |       |     7 |     3 |    12 |     9 |     2 |     5 ||    38
         Grow Ballistomyce |       |       |       |     2 |     3 |       |       |       |       ||     5
         Grow Oklob        |       |       |       |       |       |     2 |     9 |     2 |       ||    13
         Overgrow          |       |       |       |       |       |       |     1 |       |       ||     1
         Cleansing Flame   |       |       |       |       |       |       |       |       |     5 ||     5
         Brand Weapon With |       |       |       |       |       |       |       |       |     1 ||     1
  Evoke: Wand              |       |       |     1 |     3 |       |       |     1 |       |     9 ||    14
         Box of beasts     |       |       |       |       |       |       |     1 |       |       ||     1
    Use: Scroll            |       |     3 |       |     5 |     7 |    14 |     7 |     3 |    48 ||    87
         Potion            |       |       |       |       |       |       |     1 |     1 |    24 ||    26
   Stab: Confused          |       |     5 |    14 |    22 |    28 |     1 |       |       |       ||    70
         Distracted        |       |       |     1 |       |       |       |       |       |       ||     1
         Sleeping          |       |       |       |       |     1 |     1 |       |       |       ||     2
 Armour: Robe              |     4 |     5 |       |       |       |       |       |    26 |   263 ||   298
         Leather armour    |       |    29 |    88 |    94 |    56 |       |       |       |       ||   267
         Ring mail         |       |       |       |       |   113 |   125 |    89 |     2 |       ||   329
  Dodge: Dodged            |     8 |    25 |   113 |   162 |   192 |   190 |   111 |    53 |   489 ||  1343
  Block: Buckler           |       |       |       |     1 |    77 |    49 |    20 |       |       ||   147
         Kite shield       |       |       |       |       |       |       |    44 |    28 |   341 ||   413
         Reflection        |       |       |       |       |       |       |       |    14 |    14 ||    28
         Tower shield      |       |       |       |       |       |       |       |       |   289 ||   289

Table legend: (Time is in decaauts)
 A = Elapsed time spent in this place.
 B = Non-inter-level travel time spent in this place.
 C = Inter-level travel time spent in this place.
 D = Time resting spent in this place.
 E = Time spent auto-exploring this place.
 F = Levels seen in this place.
 G = Mean time per level.
                   A        B        C        D        E       F      G
               +--------+--------+--------+--------+--------+-----+--------+
         Total | 128905 | 110097 |  18808 |  45138 |  36142 | 131 |  984.0 |
       Dungeon |  27917 |  20840 |   7077 |   7429 |   7355 |  15 | 1861.1 |
          Lair |  10193 |   7615 |   2578 |   2626 |   2989 |   5 | 2038.6 |
        Shoals |   8406 |   7147 |   1259 |   3800 |   2426 |   4 | 2101.5 |
     Snake Pit |   8785 |   8193 |    592 |   4178 |   2706 |   4 | 2196.2 |
    Slime Pits |   1741 |   1652 |     89 |    432 |    702 |   5 |  348.2 |
  Orcish Mines |   3688 |   2848 |    840 |   1341 |    716 |   2 | 1844.0 |
   Elven Halls |   6360 |   4860 |   1500 |   2132 |   1811 |   3 | 2120.0 |
        Vaults |  10997 |   9565 |   1432 |   4568 |   3790 |   5 | 2199.4 |
         Crypt |   5384 |   4708 |    676 |   1507 |   2044 |   3 | 1794.7 |
          Tomb |   3083 |   2828 |    255 |    985 |    894 |   3 | 1027.7 |
        Depths |   9312 |   8207 |   1105 |   4506 |   2730 |   4 | 2328.0 |
          Hell |    804 |    557 |    247 |    168 |    292 |   1 |  804.0 |
           Dis |   1486 |   1374 |    112 |    604 |    305 |   7 |  212.3 |
       Gehenna |   2656 |   2430 |    226 |   1195 |    349 |   7 |  379.4 |
       Cocytus |   2531 |   2343 |    188 |    917 |    707 |   7 |  361.6 |
      Tartarus |   1326 |   1264 |     62 |    347 |    166 |   7 |  189.4 |
           Zot |   6904 |   6341 |    563 |   1977 |   2803 |   5 | 1380.8 |
         Abyss |    638 |    638 |      0 |    163 |    194 |   6 |  106.3 |
   Pandemonium |   9691 |   9691 |      0 |   2556 |   2985 |  16 |  605.7 |
      Ziggurat |   2344 |   2344 |      0 |    787 |      0 |  19 |  123.4 |
        Bailey |    843 |    843 |      0 |    378 |     15 |   1 |  843.0 |
      Ice Cave |   2077 |   2077 |      0 |   1390 |    161 |   1 | 2077.0 |
        Wizlab |   1730 |   1730 |      0 |   1151 |      0 |   1 | 1730.0 |
               +--------+--------+--------+--------+--------+-----+--------+

Top non-repeatable levels by time:
  Lair:3: 3860 daAuts
 Snake:4: 3384 daAuts
Vaults:3: 3172 daAuts
   Orc:2: 2962 daAuts
 Crypt:3: 2859 daAuts
Vaults:1: 2725 daAuts
    D:13: 2701 daAuts
Depths:4: 2647 daAuts
Depths:2: 2524 daAuts
    D:11: 2492 daAuts
    D:15: 2464 daAuts
   Elf:1: 2424 daAuts
Shoals:2: 2378 daAuts
     D:9: 2341 daAuts
   Elf:3: 2207 daAuts
